 Dungeon Crawl Stone Soup version 0.31-a0-4-gefa6de2278 (webtiles) character file.

Game seed: 12389915855120553061

16265966 Iich the Conqueror (level 27, 158/323 HPs) *EXPLORE*
             Began as a Demonspawn Fighter on May 1, 2023.
             Was an Initiate of Gozag.
             Escaped with the Orb
             ... and 15 runes on May 5, 2023!
             The game lasted 04:33:53 (95948 turns).

Iich the Conqueror (Demonspawn Fighter)            Turns: 95948, Time: 04:33:54

Health: 158/323    AC: 32    Str: 26      XL:     27
Magic:  26/26      EV: 34    Int:  3 (10) God:    Gozag
Gold:   13386      SH: 34    Dex: 22      Spells: 32/46 levels left

rFire   + . .        b - +8 demon trident "Rift" {distort, reach+}
rCold   + + +        O - +2 tower shield {AC+3}
rNeg    + + +        S - +6 ice dragon scales of the Falcon {*Corrode rPois rF- rC++ rN++ Regen+}
rPois   +            V - +0 helmet of Heresy {rN+ Str+3 Slay+6}
rElec   .            H - +1 cloak "Boboec" {SInv}
rCorr   +            (gloves unavailable)
SInv    +            A - +2 pair of boots {Stlth+}
Will    ++...        o - amulet of reflection
Stlth   +++          G - ring "Zeogulle" {rPois rF+ rC+ rN+ Dex-2}
HPRegen 1.53/turn    f - ring of the Shining Light {rPois rF+ rCorr Str+6}
MPRegen 0.20/turn

%: random rage (3%), corrode self (3%), repel missiles, reflection
@: gold aura, studying 3 skills, unable to drink
A: claws 3, repulsion field 3, demonic guardian 3, powered by pain 3, robust 3,
berserk 1, deformed body, deterioration 1, low MP 3, weak 1, no potion heal 1,
subdued magic 3, inability to drink after injury 2
0: Orb of Zot
}: 15/15 runes: decaying, serpentine, slimy, silver, golden, iron, obsidian,
icy, bone, abyssal, demonic, glowing, magical, fiery, dark
a: Renounce Religion, Potion Petition, Call Merchant, Bribe Branch


You escaped.
You worshipped Gozag.
Gozag was extremely pleased with you.
You visited 18 branches of the dungeon, and saw 88 of its levels.
You visited Pandemonium 2 times, and saw 17 of its levels.
You visited the Abyss 6 times.
You visited 1 ziggurat, and saw 13 of its levels.
You also visited: Sewer, Ossuary, Gauntlet, Ice Cave, Wizlab and Desolation.

You collected 53778 gold pieces.
You spent 12101 gold pieces at shops.
You paid 28291 gold pieces to Gozag.

Inventory:

Hand Weapons
 a - a +5 vampiric broad axe
 b - the +8 demon trident "Rift" (weapon) {distort, reach+}
   (You took it off a gnoll on level 5 of the Dungeon)
 i - the +10 morningstar "Eos" {elec, Halo rElec}
   (You found it on level 7 of a ziggurat)

   Halo:      It grants its wielder a halo, revealing invisible creatures and
   increasing accuracy against all within it other than the wielder.
   rElec:     It insulates you from electricity.
 z - the +6 Majin-Bo {spellvamp, MP+6 Int+6}
   (You found it on level 3 of the Crypt)

   Int:       It affects your intelligence (+6).
   MP:        It affects your magic capacity (+6).
 F - the +13 scythe of Curses {drain, curses, Drain}
   (You found it on level 7 of the Iron City of Dis)

   Drain:     It drains your maximum health when unequipped.
 Z - the +7 sceptre of Torment {pain, torment}
   (You found it on level 5 of the Pits of Slime)
Armour
 A - a +2 pair of boots of stealth (worn)
 H - the +1 cloak "Boboec" (worn) {SInv}
   (You found it on level 3 of the Snake Pit)

   SInv:      It lets you see invisible.
 O - a +2 tower shield of protection (worn)
 S - the +6 ice dragon scales of the Falcon (worn) {*Corrode rPois rF- rC++ rN++ Regen+}
   (You took it off a minotaur in a Gauntlet)

   rF:        It makes you vulnerable to fire.
   rC:        It greatly protects you from cold.
   rPois:     It protects you from poison.
   rN:        It greatly protects you from negative energy.
   Regen:     It increases your rate of health regeneration.
   *Corrode:  It may corrode you when you take damage.
 V - the +0 helmet of Heresy (worn) {rN+ Str+3 Slay+6}
   (You found it on level 10 of the Dungeon)

   Str:       It affects your strength (+3).
   Slay:      It affects your accuracy & damage with ranged weapons and melee
   (+6).
   rN:        It protects you from negative energy.
Jewellery
 f - the ring of the Shining Light (right claw) {rPois rF+ rCorr Str+6}
   (You found it in a Gauntlet)

   [ring of strength]

   Str:       It affects your strength (+6).
   rF:        It protects you from fire.
   rPois:     It protects you from poison.
   rCorr:     It protects you from acid and corrosion.
 o - an amulet of reflection (around neck)
 G - the ring "Zeogulle" (left claw) {rPois rF+ rC+ rN+ Dex-2}
   (You took it off a minotaur in a Gauntlet)

   [ring of protection from cold]

   Dex:       It affects your dexterity (-2).
   rF:        It protects you from fire.
   rC:        It protects you from cold.
   rPois:     It protects you from poison.
   rN:        It protects you from negative energy.
 P - a ring of poison resistance
 W - the ring of the Mage {Wiz Archmagi}
   (You found it on level 5 of the Pits of Slime)

   [ring of wizardry]

   It improves your spell success rate.
   Archmagi:  It increases the power of your magical spells.
Wands
 j - a wand of polymorph (52)
 u - a wand of iceblast (99)
 v - a wand of flame (167)
 D - a wand of digging (70)
 M - a wand of paralysis (135)
 Y - a wand of acid (85)
Scrolls
 e - 7 scrolls of amnesia
 g - 13 scrolls of fear
 k - 11 scrolls of poison
 m - 3 scrolls of vulnerability
 t - 26 scrolls of teleportation
 y - 9 scrolls of butterflies
 B - 17 scrolls of blinking
 C - 2 scrolls of immolation
 K - 15 scrolls of fog
 N - 5 scrolls of enchant weapon
 Q - 8 scrolls of magic mapping
 U - 7 scrolls of silence
Potions
 d - 9 potions of might
 h - 16 potions of haste
 l - 12 potions of heal wounds
 n - 12 potions of resistance
 p - 17 potions of flight
 q - 40 potions of curing
 r - 3 potions of lignification
 s - 9 potions of invisibility
 w - 9 potions of cancellation
 x - 12 potions of magic
 I - 10 potions of brilliance
 L - 9 potions of berserk rage
 T - 5 potions of ambrosia
Miscellaneous
 c - a box of beasts
 E - a figurine of a ziggurat
 J - a tin of tremorstones (2/2)
 R - a phial of floods
 X - a lightning rod (4/4)


   Skills:
 O Level 27 Fighting
 - Level 18.3(20.4) Axes
 - Level 15.4(19.0) Polearms
 + Level 24.7 Armour
 O Level 27 Dodging
 - Level 20.4 Stealth
 O Level 27 Shields
 + Level 10.4 Spellcasting
 * Level 15.9 Conjurations
 + Level 10.4 Ice Magic
 * Level 14.6 Air Magic


You had 32 spell levels left.
You knew the following spells:

 Your Spells              Type           Power      Damage    Failure   Level
a - Chain Lightning       Conj/Air       2%         3d3       100%        9
b - Freezing Cloud        Conj/Ice/Air   2%         6-21      1%          5

Your spell library contained the following spells:

 Spells                   Type           Power      Damage    Failure   Level
 Magic Dart               Conj           20%        1d4       0%          1
 Shock                    Conj/Air       20%        1d4       0%          1
 Searing Ray              Conj           10%        2d4       0%          2
 Static Discharge         Conj/Air       10%        2-3/arc   0%          2
 Freeze                   Ice            16%        1d4       1%          1
 Kiss of Death            Conj/Necr      12%        2d6       1%          1
 Momentum Strike          Conj/Tloc      6%         3d8       1%          2
 Poisonous Vapours        Pois/Air       6%         N/A       1%          2
 Dazzling Flash           Conj/Hex       6%         N/A       1%          3
 Frozen Ramparts          Ice            8%         1d2       1%          3
 Hailstorm                Conj/Ice       4%         3d4       1%          3
 Mephitic Cloud           Conj/Pois/Air  4%         N/A       1%          3
 Ozocubu's Armour         Ice            4%         N/A       1%          3
 Stone Arrow              Conj/Erth      6%         3d7       1%          3
 Vhi's Electric Charge    Tloc/Air       6%         N/A       1%          3
 Airstrike                Air            2%         2d(1-17)  1%          4
 Arcjolt                  Conj/Air       2%         1d12      1%          5
 Iskenderun's Battlesphe  Conj           5%         2d6       1%          5
 Ensorcelled Hibernation  Hex/Ice        4%         N/A       2%          2
 Cigotuvi's Dreadful Rot  Necr/Pois/Air  4%         N/A       3%          2
 Conjure Ball Lightning   Conj/Air       2%         3x3d6     4%          6
 Flame Wave               Conj/Fire      3%         2d5       7%          4
 Fulminant Prism          Conj/Hex       1%         3d5       7%          4
 Sticky Flame             Conj/Fire      3%         2d3       7%          4
 Summon Lightning Spire   Summ/Air       3%         N/A       10%         4
 Apportation              Tloc           0%         N/A       22%         1
 Beastly Appendage        Tmut           0%         N/A       22%         1
 Necrotise                Necr           0%         1d4       22%         1
 Sting                    Tmut/Pois      0%         1d3       22%         1
 Summon Small Mammal      Summ           0%         N/A       22%         1
 Ice Form                 Ice/Tmut       2%         N/A       24%         4
 Summon Ice Beast         Ice/Summ       2%         N/A       24%         4
 Fireball                 Conj/Fire      1%         3d3       24%         5
 Irradiate                Conj/Tmut      1%         3d12      24%         5
 Orb of Destruction       Conj           2%         9d5       26%         7
 Silence                  Hex/Air        1%         N/A       30%         5
 Blink                    Tloc           0%         N/A       32%         2
 Call Imp                 Summ           0%         N/A       32%         2
 Lesser Beckoning         Tloc           0%         N/A       32%         2
 Passwall                 Tmut/Erth      0%         N/A       32%         2
 Scorch                   Fire           0%         2d5       32%         2
 Wereblood                Tmut           0%         N/A       32%         2
 Call Canine Familiar     Summ           0%         N/A       58%         3
 Gell's Gravitas          Tloc           0%         N/A       58%         3
 Ignite Poison            Fire/Tmut/Pois 0%         N/A       58%         3
 Inner Flame              Hex/Fire       0%         N/A       58%         3
 Portal Projectile        Hex/Tloc       0%         N/A       58%         3
 Spider Form              Tmut/Pois      0%         N/A       58%         3
 Summon Guardian Golem    Hex/Summ       0%         N/A       58%         3
 Teleport Other           Tloc           0%         N/A       58%         3
 Vampiric Draining        Necr           0%         2d6       58%         3
 Iron Shot                Conj/Erth      1%         9d1       83%         6
 Plasma Beam              Fire/Air       1%         2x1d12    89%         6
 Anguish                  Hex/Necr       0%         N/A       95%         4
 Animate Armour           Summ/Erth      0%         N/A       95%         4
 Dispel Undead            Necr           0%         3d6       95%         4
 Leda's Liquefaction      Hex/Erth       0%         N/A       95%         4
 Manifold Assault         Tloc           0%         N/A       95%         4
 Olgreb's Toxic Radiance  Pois           0%         N/A       95%         4
 Passage of Golubria      Tloc           0%         N/A       95%         4
 Ozocubu's Refrigeration  Ice            2%         4d7       96%         7
 Maxwell's Capacitive Co  Air            2%         ∞         99%         8
 Agony                    Necr           0%         N/A       100%        5
 Alistair's Intoxication  Tmut/Pois      0%         N/A       100%        5
 Blade Hands              Tmut           0%         N/A       100%        5
 Borgnjor's Vile Clutch   Necr/Erth      0%         N/A       100%        5
 Lee's Rapid Deconstruct  Erth           0%         3d4*      100%        5
 Summon Forest            Summ/Tloc      0%         N/A       100%        5
 Summon Mana Viper        Hex/Summ       0%         N/A       100%        5
 Yara's Violent Unravell  Hex/Tmut       0%         3d3       100%        5
 Death Channel            Necr           0%         N/A       100%        6
 Dispersal                Tloc           0%         N/A       100%        6
 Eringya's Noxious Bog    Tmut/Pois      0%         N/A       100%        6
 Statue Form              Tmut/Erth      0%         N/A       100%        6
 Summon Cactus Giant      Summ           0%         N/A       100%        6
 Dragon Form              Tmut           0%         N/A       100%        7
 Enfeeble                 Hex            0%         N/A       100%        7
 Haunt                    Necr/Summ      0%         N/A       100%        7
 Malign Gateway           Summ/Tloc      0%         N/A       100%        7
 Storm Form               Tmut/Air       1%         N/A       100%        7
 Summon Hydra             Summ           0%         N/A       100%        7
 Borgnjor's Revivificati  Necr           0%         N/A       100%        8
 Disjunction              Tloc           0%         N/A       100%        8
 Ignition                 Fire           0%         3d3       100%        8
 Infestation              Necr           0%         N/A       100%        8
 Lehudib's Crystal Spear  Conj/Erth      1%         10d2      100%        8
 Necromutation            Tmut/Necr      0%         N/A       100%        8
 Summon Horrible Things   Summ           0%         N/A       100%        8
 Fire Storm               Conj/Fire      1%         8d1       100%        9
 Shatter                  Erth           0%         3d5*      100%        9
 Animate Dead             Necr           Unusable   N/A       N/A         4
 Simulacrum               Ice/Necr       Unusable   N/A       N/A         6

Dungeon Overview and Level Annotations

Branches:
Dungeon (15/15)            Temple (1/1) D:4            Lair (5/5) D:11
  Swamp (4/4) Lair:2        Snake (4/4) Lair:2        Slime (5/5) Lair:4
    Orc (2/2) D:10            Elf (3/3) Orc:2        Vaults (5/5) D:14
  Crypt (3/3) Vaults:3       Tomb (3/3) Crypt:3      Depths (4/4) D:15
   Hell (visited)             Dis (7/7) Hell            Geh (7/7) Hell
    Coc (7/7) Hell            Tar (7/7) Hell            Zot (5/5) Depths:4
  Sewer (visited)         Ossuary (visited)           IceCv (visited)
 WizLab (visited)         Desolation (visited)      Gauntlet (visited)

Altars:
Ashenzari
Cheibriados
Dithmenos
Fedhas
Gozag
Hepliaklqana
Kikubaaqudgha
Makhleb
Nemelex Xobeh
Okawaru
Qazlal
Ru
Sif Muna
Trog
Uskayaw
Vehumet
Wu Jian
Xom
Yredelemnul
Jiyva

Shops:
D:11 (   D:15 :   Orc:2 **(*   Elf:3 *   Lair:2 [   Lair:4 ?   Snake:1 (
Snake:2 :==   Vaults:1 (   Vaults:4 ((   Vaults:5 [   Depths:1 :
Depths:3 (((*(:[!   Depths:4 [[[(

Portals:
Hell: Depths:1 Depths:2 Depths:3 Depths:4
Abyss: D:5 Depths:3
Pandemonium: Depths:2 Depths:3

Annotations:
Coc:7 exclusion: ice statue
Abyss:1 2FriedEggs's ghost, adept OgTm; Asmodeus; Cerebov; Dispater; Gloorx Vloq; Mnoleg; Rudgh's ghost, adept HOFi; snackwell's ghost, journeyman DESu


Innate Abilities, Weirdness & Mutations

You have claws for hands.
You are surrounded by a strong repulsion field. (EV +4, RMsl)
A powerful demonic guardian rushes to your aid.
You are powered by pain.
You are extremely robust. (+30% HP)
You sometimes lose your temper in combat.
Armour fits poorly on your strangely shaped body.
Your body sometimes deteriorates upon taking damage.
Your magical capacity is extremely low. (-30% MP)
You are weak. (Str -2)
Potions are less effective at restoring your health.
Your spells are much easier to cast, but much less powerful.
You sometimes lose the ability to drink potions when taking damage.


Message History

You block the Ice Fiend's attack. x2
An Orb Guardian comes into view.
You puncture the sun demon!
The sun demon is no longer distracted by gold.
The sun demon is moderately wounded.
The sun demon blinks!
The Ice Fiend calls on the powers of darkness!
Your body is wracked with pain!
You feel threatened and lose the ability to drink potions!
The Orb Guardian convulses!
You block the Hell Sentinel's attack. x2
You take 77 damage, and have 148/323 hp. !!!!--MASSIVE DAMAGE--!!!!
The Ice Fiend attacks as you move away!
The Ice Fiend claws you but does no damage.
The Ice Fiend completely misses you.
You feel a little less mighty now.
The balrug is no longer distracted by gold.
You block the sun demon's attack. You block the Ice Fiend's attack.
The Ice Fiend completely misses you.
You stick the sun demon like a pincushion!!!
Space warps horribly around the sun demon!
You kill the sun demon!
Unknown command.
You regained 3 hp, and now have 151/323 hp.
Unknown command.
You block the Orb Guardian's attack.
You see here 4 gold pieces.
You regained 2 hp, and now have 153/323 hp.
The Ice Fiend attacks as you move away! The Ice Fiend completely misses you.
You block the Ice Fiend's attack.
You enter the shallow water.
Moving in this stuff is going to be slow.
Unknown command.
You regained 2 hp, and now have 155/323 hp.
The Ice Fiend is distracted by your dazzling golden aura.
You block the Orb Guardian's attack. x2
There is a staircase leading out of the dungeon here.
Unknown command.
You regained 2 hp, and now have 157/323 hp.
You block the Orb Guardian's attack.
You have escaped!

..##########.##..#######
.............###$....(.#
..#######..#####''###..#
..# #.##~~.......8.#
..#######.#~~..~~~~~~.##
..........#~..~~...~~~#
†.#######.#~.~~2$1..~~#
......# #.#~.~~.X1~..~#
..###.# #.#~.~~.@.~~.~#
#####.# #.#~..~~~.~~.~#
...##.# #.#~~..~..~~.~#
...##.# #.#~~~...~~..~#
...##.# #.#.~~~~~~..~~#
...##.# #..8.......~~##
...##.# #...###''#####
...##.# #...###..#####
...##.# #............#


You could see a Hell Sentinel, an Ice Fiend (unaware), an Orb Guardian and a
balrug.

Vanquished Creatures
  Antaeus (Abyss:5)
  the Royal Jelly (Abyss:4)
  Lom Lobon (Pan)
  the Serpent of Hell (Dis:7)
  5 ancient liches
  7 dread liches
  5 orbs of fire
  Mennas (Pan)
  Khufu (Tomb:3)
  Mara (Vaults:5)
  6 juggernauts
  25 royal mummies
  4 Killer Klowns
  19 shard shrikes
  2 curse toes
  8 pandemonium lords
  25 caustic shrikes
  Geryon (Abyss:5)
  7 profane servitors
  4 golden dragons
  9 bone dragons
  Jory (Abyss:2)
  4 doom hounds
  14 Tzitzimimeh
  7 iron giants
  An electric golem (Zot:5)
  The ghost of Xutext the Spry, an adept DsAK of Lugonu (Depths:2)
  8 Brimstone Fiends
  14 Hell Sentinels
  Rupert (Lair:5)
  6 hellephants
  16 Ice Fiends
  A spectral shard shrike (Tar:5)
  Jorgrun (Abyss:2)
  7 liches
  A walking crystal tome (Abyss:5)
  Mlioglotl (Abyss:2)
  8 tainted leviathans
  17 tentacled monstrosities
  22 Orb Guardians
  A deep elf blademaster (Elf:3)
  17 searing wretches
  8 titans
  14 acid blobs
  7 quicksilver dragons
  9 tentacled starspawn
  28 ancient champions
  The ghost of Josuitwi the Warrior, an adept MfGl of Yredelemnul (Snake:1)
  6 death cobs
  30 Executioners
  9 sphinxes
  17 storm dragons
  14 tengu reavers
  9 shadow dragons
  Donald (Abyss:2)
  Roxanne (Snake:1)
  A thorn hunter (Swamp:3)
  4 nagarajas
  8 draconian monks
  4 quicksilver elementals
  4 revenants
  9 rockslimes
  12 azure jellies
  7 demonspawn warmongers (Pan)
  A daeva (Abyss:5)
  15 narguns
  A spectral caustic shrike (WizLab)
  7 deep elf sorcerers
  Aizul (Depths:2)
  8 frost giants
  22 fire giants
  A juggernaut zombie (Crypt:2)
  2 ghost moths
  7 draconian knights
  An imperial myrmidon (Desolation)
  32 balrugs
  12 draconian scorchers
  An orc warlord (Vaults:1)
  A caustic shrike zombie (WizLab)
  6 curse skulls
  13 vault wardens
  4 shard shrike simulacra
  19 ironbound preservers
  3 demonspawn blood saints
  A deep elf elementalist (Elf:1)
  24 cacodemons
  12 iron dragons
  7 quicksilver oozes
  6 draconian stormcallers
  7 demonspawn corrupters
  5 ghouls
  A quicksilver ooze (shapeshifter) (Vaults:5)
  5 draconian shifters
  8 draconian annihilators
  3 spriggan defenders
  34 war gargoyles
  38 very ugly things
  6 vampire knights
  6 ironbound thunderhulks
  7 green draconians
  4 deep elf demonologists
  17 reapers
  18 stone giants
  A rockslime zombie (Crypt:1)
  A spectral titan (WizLab)
  9 putrid mouths
  2 eleionomae
  Nessos (Lair:3)
  A minotaur (Gauntlet)
  13 purple draconians
  5 black draconians
  13 elemental wellsprings
  6 demonspawn black suns
  16 lorocyprocas
  The ghost of TheSexyCheese the Destroyer, a journeyman DsFE of Vehumet (Lair:3)
  11 red draconians
  12 deep elf annihilators
  Azrael (Snake:1)
  A bunyip (Swamp:2)
  11 white draconians
  4 halazid warlocks
  10 dire elephants
  3 spark wasps
  12 wendigos
  14 yellow draconians
  A merfolk javelineer (Abyss:4)
  8 iron golems
  A spectral quicksilver dragon (Tar:4)
  4 deep elf death magi
  27 mummy priests
  10 blizzard demons
  15 green deaths
  13 ettins
  4 ragged hierophants
  6 crystal guardians
  11 eidola
  A spectral iron giant (Tar:3)
  7 fire dragons
  2 jiangshi (Crypt:1)
  2 entropy weavers
  6 deep elf high priests
  14 yaktaur captains
  3 shambling mangroves
  6 great orbs of eyes
  33 vault guards
  3 rakshasas
  A spectral spriggan (Tar:4)
  3 spriggan air magi
  A catoblepas (D:13)
  8 salamander tyrants
  A quicksilver dragon skeleton (Abyss:5)
  The ghost of ytrimaz the Cleaver, a journeyman GnRe of Cheibriados (D:10)
  6 servants of whispers (Desolation)
  16 hydras
  9 ice dragons
  11 ironbound frosthearts
  8 caustic shrike simulacra
  8 anacondas
  20 centaur warriors
  8 peacekeepers
  A ghost crab (Swamp:2)
  A death knight (Crypt:1)
  2 ogre magi
  A spriggan skeleton (Tomb:2)
  6 hell beasts (Pan)
  17 death yaks
  4 juggernaut simulacra
  8 two-headed ogres
  63 death scarabs
  A fenstrider witch skeleton (Crypt:2)
  2 boulder beetles
  27 hell hogs
  5 thrashing horrors
  29 dancing weapons
  16 stokers
  3 alligators
  12 naga sharpshooters
  4 deep troll earth magi
  3 orc high priests
  7 vampire magi
  5 deep troll shamans
  Urug (Abyss:2)
  A spectral dire elephant (Tar:1)
  26 soul eaters
  9 shock serpents
  12 naga warriors
  5 tengu warriors
  4 spectral nagas
  7 spriggan berserkers
  63 sun demons
  3 titan zombies
  13 hell knights
  14 deep elf knights
  A spectral death yak (Lair:5)
  11 crystal echidnas
  13 wretched stars
  2 titan skeletons
  A fire crab (shapeshifter) (Elf:1)
  16 shadow wraiths
  A ghost moth zombie (Crypt:3)
  3 spectral anacondas
  A goliath frog (shapeshifter) (Vaults:5)
  A quicksilver dragon simulacrum (Coc:1)
  A skyshark (Lair:4)
  6 iron trolls
  3 salamander mystics
  39 skeletal warriors
  3 spatial maelstroms
  15 shadow demons
  2 spark wasp zombies
  4 death drakes
  An iron giant zombie (Tomb:3)
  A bunyip zombie (Abyss:2)
  4 goliath frogs
  25 sixfirhies
  A spectral spark wasp (WizLab)
  8 glowing orange brains
  42 deep trolls
  12 wizards
  27 ironbound convokers
  3 flayed ghosts
  6 naga ritualists
  9 swamp dragons
  4 spriggan druids
  6 bog bodies
  4 obsidian statues
  7 orange crystal statues
  2 spectral wolf spiders (WizLab)
  4 deep elf archers
  12 phantasmal warriors
  8 orc knights
  17 deep elf zephyrmancers
  A fenstrider witch simulacrum (Coc:1)
  Pikel (D:5)
  20 deep elf pyromancers
  8 necromancers
  12 lindwurms
  16 mana vipers
  A spectral ettin (Tar:4)
  A fire giant zombie (D:15)
  40 ugly things
  4 shining eyes
  An iron dragon zombie (Abyss:2)
  5 orc sorcerers
  2 will-o-the-wisps
  A wolf spider (shapeshifter) (Vaults:5)
  4 worldbinders
  4 cyclopes
  2 jorogumo skeletons
  An iron dragon skeleton (Pan)
  17 moths of wrath
  8 salamanders
  5 rust devils
  7 stone giant skeletons
  A fire giant skeleton (Vaults:3)
  A stone giant zombie (Depths:1)
  Maurice (Orc:1)
  8 elephants
  2 spectral centaurs (Tar:1)
  3 titan simulacra
  15 vault sentinels
  38 black mambas
  5 eyes of devastation
  The ghost of Mangosteen the Chopper, a novice MiBe of Trog (D:5)
  11 guardian serpents
  49 smoke demons
  2 torpor snails
  3 ice statues
  2 gargoyles
  10 naga magi
  32 orange demons
  4 apocalypse crabs
  9 demonic crawlers
  2 unseen horrors
  An eye of devastation (shapeshifter) (Depths:4)
  11 cane toads
  26 hellions
  A rime drake (Lair:5)
  A dire elephant skeleton (Pan)
  4 komodo dragons
  A spectral two-headed ogre (Tar:2)
  A kobold demonologist (D:9)
  A rime drake (shapeshifter) (Depths:3)
  3 tengu conjurers
  6 freezing wraiths
  31 yaktaurs
  5 efreet
  5 harpy zombies
  An iron giant simulacrum (Coc:7)
  20 tormentors
  A silent spectre (Tar:4)
  5 ice devils
  11 ancient zymes
  8 red devils
  3 anaconda simulacra
  45 guardian mummies
  A wind drake (Zig:12)
  A bloated husk (Swamp:1)
  3 polar bears (Lair:5)
  A troll (shapeshifter) (Elf:1)
  10 trolls
  A wolf spider simulacrum (D:15)
  24 hellwings
  A meliai (shapeshifter) (Vaults:5)
  3 spectral harpies
  A tarantella (Vaults:1)
  A harpy skeleton (Pan)
  6 tyrant leeches
  9 hornets
  6 blink frogs
  43 saltlings (Desolation)
  2 iron dragon simulacra
  3 dream sheep (Lair:3)
  5 spriggan zombies
  A tarantella zombie (Crypt:3)
  Prince Ribbit (D:7)
  8 raiju
  A fire dragon zombie (Crypt:3)
  2 spectral elephants (Lair:5)
  54 slime creatures
  A stone giant simulacrum (Coc:2)
  29 flying skulls
  2 elf skeletons (Vaults:3)
  2 shadows
  5 wraiths
  2 ettin skeletons
  5 wyverns
  16 ushabtiu
  31 ynoxinuls
  4 spriggans
  42 yaks
  6 dire elephant simulacra
  A hog (shapeshifter) (D:13)
  66 large abominations
  8 water elementals
  A yak (shapeshifter) (D:14)
  5 basilisks
  A black mamba skeleton (Pan)
  109 starcursed masses
  4 redbacks
  An alligator snapping turtle simulacrum (Coc:2)
  26 chaos spawn
  2 redbacks (shapeshifter)
  30 neqoxecs
  A steam dragon (Zig:12)
  2 fire elementals
  A minotaur simulacrum (Coc:1)
  2 death yak simulacra (Lair:5)
  6 vampire mosquitoes
  4 wargs
  15 golden eyes
  17 swamp worms
  Menkaure (D:6)
  42 nagas
  8 harpy simulacra
  2 spatial vortices (Abyss:2)
  4 acid dragons
  2 human zombies (Abyss:2)
  5 hell hounds
  8 water moccasins
  3 hydra simulacra
  A floating eye (Pan)
  7 swamp drakes
  20 orc warriors
  A black bear (Lair:1)
  3 ettin simulacra
  5 wolves
  5 boggarts (Vaults:2)
  An elephant skeleton (Lair:5)
  7 ogres
  18 centaurs
  4 human skeletons
  A phantom (D:5)
  3 kobold brigands
  9 bullfrogs
  A necrophage (Crypt:3)
  A cane toad simulacrum (Lair:5)
  2 gnoll sergeants
  A scorpion (D:5)
  11 wights
  Dowan (D:5)
  A lindwurm simulacrum (IceCv)
  A swamp dragon simulacrum (Coc:1)
  A yak skeleton (Crypt:3)
  5 killer bees
  4 howler monkeys
  An electric eel (D:11)
  2 lava snakes (Lair:2)
  6 crimson imps
  A quasit (D:5)
  2 centaur zombies (Ossuary)
  3 iron imps
  9 jellies
  22 orc priests
  Crazy Yiuf (D:6)
  6 hounds
  A sleepcap (D:6)
  An iguana (D:6)
  32 orc wizards
  3 hell rats (Hell)
  11 small abominations
  A boggart skeleton (Crypt:3)
  2 ogre zombies (Ossuary)
  47 mummies
  Robin (D:4)
  13 gnolls
  6 adders
  A shadow imp (Sewer)
  A white imp (Abyss:2)
  3 ufetubi
  7 adder zombies (Ossuary)
  An adder skeleton (Crypt:1)
  A worm (D:2)
  A dart slug (D:3)
  52 orcs
  5 ball pythons
  25 endoplasms
  7 giant cockroaches
  13 goblins
  11 hobgoblins
  7 jackals
  4 quokkas
  A bat (D:2)
  A frilled lizard (D:1)
  A giant cockroach zombie (Crypt:2)
  3 goblin zombies (Ossuary)
  3 hobgoblin zombies (Ossuary)
  27 kobolds
  4 kobold zombies
  7 quokka zombies
  8 rats (D:2)
  5 rat zombies
  2 ball lightnings (Pan)
  3 creeping infernos
  29 fire vortices
  2 lurking horrors (Abyss:5)
  2 spectral weapons
  11 starspawn tentacles
3773 creatures vanquished.

Vanquished Creatures (collateral kills)
  Ereshkigal (Tar:7)
  3 ancient liches
  A pandemonium lord (Pan)
  5 shard shrikes (Coc:7)
  the Lernaean hydra (Swamp:4)
  2 Killer Klowns (Zot:5)
  5 caustic shrikes
  3 doom hounds
  3 bone dragons
  4 Brimstone Fiends
  4 Tzitzimimeh
  A hellephant (Abyss:5)
  A Hell Sentinel (Dis:6)
  A tainted leviathan (Tar:5)
  6 Ice Fiends
  An Orb Guardian (Zot:5)
  6 titans (Coc:7)
  Grunn (Crypt:3)
  3 searing wretches
  2 tentacled starspawn (Abyss:4)
  2 acid blobs (Slime:3)
  An ancient champion (Tomb:3)
  A thorn hunter (Swamp:4)
  4 Executioners
  2 sphinxes
  A shadow dragon (Vaults:5)
  A draconian monk (Zot:2)
  3 azure jellies
  A demonspawn warmonger (Pan)
  6 narguns
  8 fire giants
  2 nagarajas (Snake:4)
  An iron dragon (Zig:12)
  4 rockslimes
  3 deep elf sorcerers (Elf:3)
  A frost giant (Hell)
  2 vault wardens
  2 balrugs
  A shard shrike simulacrum (Coc:4)
  A spectral caustic shrike (Tar:5)
  A ghoul (Swamp:2)
  A demonspawn blood saint (Pan)
  8 reapers
  A war gargoyle (Dis:7)
  An ironbound thunderhulk (Vaults:2)
  2 stone giants
  A quicksilver ooze (Abyss:4)
  An elemental wellspring (Coc:7)
  3 putrid mouths
  A dire elephant (Vaults:2)
  A wendigo (Coc:6)
  A bunyip (Swamp:3)
  2 deep elf annihilators (Elf:3)
  2 red draconians (Zot:2)
  A blizzard demon (Pan)
  An iron golem (Dis:7)
  A deep elf death mage (Crypt:3)
  2 fire dragons
  An eidolon (Crypt:1)
  2 mummy priests
  2 deep elf high priests (Vaults:5)
  2 ice dragons
  Fannar (Abyss:2)
  A rakshasa (Depths:3)
  2 servants of whispers (Desolation)
  Erica (Orc:1)
  5 hydras
  A caustic shrike simulacrum (Coc:4)
  A spriggan air mage (Depths:1)
  2 vault guards
  A salamander tyrant (Zig:10)
  2 ironbound frosthearts (Vaults:4)
  A two-headed ogre (Orc:1)
  2 naga warriors
  8 stokers
  2 anacondas
  A boulder beetle (Abyss:2)
  5 death scarabs
  10 hell hogs
  A spectral naga (Tar:5)
  A soul eater (Pan)
  2 vampire magi
  3 naga sharpshooters
  3 hell knights (Hell)
  An orc high priest (Orc:2)
  4 spriggans
  5 sun demons
  A spriggan berserker (Swamp:2)
  A crystal echidna (Dis:6)
  A skeletal warrior (Abyss:2)
  A wretched star (Abyss:5)
  2 iron trolls
  4 shadow wraiths
  3 sixfirhies (Pan)
  A spatial maelstrom (Abyss:5)
  2 deep trolls
  A flayed ghost (Depths:3)
  A glowing orange brain (Depths:2)
  A death drake (Swamp:2)
  3 swamp dragons (Swamp:4)
  A naga ritualist (Snake:3)
  A spriggan simulacrum (Coc:1)
  2 phantasmal warriors (Vaults:5)
  A shadow demon (Pan)
  2 necromancers (Hell)
  A lindwurm (Swamp:4)
  2 orc knights
  An orc sorcerer (Orc:1)
  A deep elf pyromancer (Elf:3)
  2 ugly things
  2 will-o-the-wisps
  An elephant (Abyss:2)
  A salamander (Snake:2)
  2 moths of wrath
  An elephant (shapeshifter) (Vaults:5)
  2 guardian serpents
  9 black mambas
  An ice statue (Zig:3)
  3 rust devils (Hell)
  A naga mage (Snake:2)
  A demonic crawler (Hell)
  A titan simulacrum (Coc:4)
  3 smoke demons
  2 kobold demonologists (D:11)
  2 freezing wraiths
  An ice devil (Hell)
  A rime drake (Zig:12)
  An efreet (Abyss:5)
  2 ancient zymes
  5 hellions
  A red devil (Pan)
  2 tormentors (Tar:2)
  2 guardian mummies
  An iron troll skeleton (Crypt:3)
  2 saltlings (Desolation)
  5 hornets
  A troll (Orc:1)
  A blink frog (Abyss:5)
  Grinder (Sewer)
  4 raiju
  2 dream sheep (Lair:3)
  19 slime creatures
  10 flying skulls
  An air elemental (Elf:3)
  A shadow (Abyss:5)
  5 ushabtiu (Tomb:3)
  4 ynoxinuls
  2 golden eyes (Slime:3)
  7 large abominations
  A chaos spawn (Abyss:5)
  2 neqoxecs
  2 vampire mosquitoes (Swamp:1)
  A swamp worm (Swamp:4)
  10 nagas
  A harpy simulacrum (Coc:6)
  A hydra simulacrum (Coc:2)
  An acid dragon (Zig:12)
  A hell hound (Snake:1)
  Duvessa (D:5)
  2 swamp drakes (Swamp:4)
  9 orc warriors
  4 kobold brigands
  3 small abominations
  A killer bee (D:11)
  A howler monkey (D:10)
  2 quasits (Sewer)
  2 orc priests (Orc:1)
  22 starcursed masses
  An iron imp (Abyss:2)
  An orc wizard (Orc:2)
  6 mummies
  3 shadow imps (Sewer)
  5 orcs
  2 quokkas
  A ball python (Sewer)
  2 kobolds (Sewer)
  5 briar patches
  3 fire vortices
  3 starspawn tentacles
453 creatures vanquished.

Vanquished Creatures (others)
  3 orbs of fire (Zot:5)
  An ancient lich (Geh:2)
  2 Killer Klowns (Zot:5)
  A golden dragon (Zot:5)
  An electric golem (Zot:5)
  A Hell Sentinel (Abyss:4)
  7 Orb Guardians
  A tentacled monstrosity (Zot:5)
  A searing wretch (Geh:7)
  A titan (Pan)
  2 eldritch tentacles (Pan)
  A storm dragon (Zot:5)
  A tengu reaver (Depths:2)
  A shadow dragon (Depths:2)
  A draconian knight (Zot:1)
  2 narguns
  A fire giant (Depths:2)
  2 rockslimes (Abyss:4)
  A shard shrike simulacrum (Coc:5)
  A balrug (Pan)
  A frost giant (Depths:2)
  A draconian stormcaller (Zot:2)
  A quicksilver ooze (Abyss:4)
  A draconian annihilator (Zot:5)
  A war gargoyle (Dis:7)
  A demonspawn blood saint (Pan)
  5 elemental wellsprings
  A stone giant (Depths:2)
  A vampire knight (Depths:2)
  A black draconian (Zot:5)
  A deep elf annihilator (Pan)
  2 red draconians
  A spark wasp (Depths:2)
  A wendigo (Coc:6)
  Snorg (Abyss:5)
  A mummy priest (Tomb:3)
  An iron golem (Dis:7)
  A rakshasa (Depths:2)
  3 ice dragons (Depths:2)
  6 caustic shrike simulacra
  2 spriggan air magi (Depths:2)
  A hydra (Abyss:2)
  3 juggernaut simulacra
  An anaconda (Zig:10)
  A peacekeeper (Desolation)
  A spriggan berserker (Depths:4)
  An orange crystal statue (Zig:10)
  A quicksilver dragon simulacrum (Coc:6)
  An obsidian statue (Zot:5)
  A spriggan simulacrum (Coc:1)
  A fenstrider witch simulacrum (Coc:1)
  2 deep elf pyromancers
  An ugly thing (Depths:2)
  A worldbinder (Abyss:5)
  A moth of wrath (Zot:5)
  2 black mambas (Zig:10)
  A hellion (Geh:7)
  An anaconda simulacrum (Coc:6)
  2 golden dragon simulacra
  A guardian mummy (Tomb:3)
  An ancient zyme (Abyss:4)
  A hornet (Swamp:2)
  A raiju (Abyss:5)
  A stone giant simulacrum (Coc:1)
  A wyvern (Zig:12)
  2 dire elephant simulacra
  2 naga simulacra
  4 golden eyes (Abyss:4)
  A fire elemental (Snake:1)
  A chaos spawn (Zig:8)
  2 harpy simulacra
  A naga (Zig:10)
  3 hydra simulacra
  An ettin simulacrum (Coc:1)
  A small abomination (Abyss:5)
  An orc priest (Orc:2)
  4 starcursed masses
  An orc wizard (Orc:2)
  3 hell rats (Hell)
  2 orcs
  4 ball lightnings (Pan)
  A briar patch (Swamp:4)
  A bush (Elf:2)
  A creeping inferno (Geh:6)
  6 fire vortices
  14 foxfires
  33 fungi
  A lurking horror (Abyss:5)
  23 plants
  31 starspawn tentacles
  13 withered plants
252 creatures vanquished.

Grand Total: 4478 creatures vanquished

Notes
Turn   | Place    | Note
-------+----------+-------------------------------------------
     0 | D:1      | Iich the Demonspawn Fighter began the quest for the Orb.
     0 | D:1      | Reached XP level 1. HP: 18/18 MP: 1/1
     0 | D:1      | Entered explore mode.
   254 | D:1      | Gained mutation: A weak demonic guardian rushes to your
                  | aid. [demonic ancestry]
   254 | D:1      | Reached XP level 2. HP: 24/24 MP: 2/2
  1054 | D:2      | Reached XP level 3. HP: 18/29 MP: 3/3
  1779 | D:3      | Found a glowing drain.
  1815 | D:3      | Gained mutation: A demonic guardian rushes to your aid.
                  | [demonic ancestry]
  1815 | D:3      | Reached XP level 4. HP: 34/35 MP: 4/4
  1818 | Sewer    | Entered a sewer
  1974 | Sewer    | HP: 1/36 [frozen (2)]
  1975 | Sewer    | Succumbed to a kobold's poison
  2004 | Sewer    | Found a burning altar of Makhleb.
  2012 | Sewer    | Noticed Grinder
  2013 | Sewer    | Paralysed by Grinder for 2 turns
  2026 | Sewer    | Killed Grinder
  2027 | Sewer    | Gained mutation: You sometimes gain a little power by
                  | taking damage. [demonic ancestry]
  2027 | Sewer    | Reached XP level 5. HP: 13/43 MP: 2/5
  2027 | Sewer    | Gained mutation: You sometimes gain power by taking damage.
                  | [demonic ancestry]
  2027 | Sewer    | Reached XP level 6. HP: 14/49 MP: 2/6
  2456 | D:3      | Slain by an ogre
                  | ... wielding a +0 giant club
                  | (27 damage)
  2458 | D:3      | Gained mutation: You are powered by pain. [demonic
                  | ancestry]
  2458 | D:3      | Reached XP level 7. HP: 55/55 MP: 0/7
  2552 | D:3      | Found a burning altar of Makhleb.
  2699 | D:3      | Found a sparkling altar of Nemelex Xobeh.
  2858 | D:3      | Found an ornate altar of the Wu Jian Council.
  3273 | D:4      | Noticed Robin
  3282 | D:4      | Killed Robin
  3283 | D:4      | Reached skill level 5 in Fighting
  3334 | D:4      | Found a staircase to the Ecumenical Temple.
  3384 | Temple   | Entered the Ecumenical Temple
  3457 | Temple   | Became a worshipper of Gozag Ym Sagoz the Greedy
  3527 | D:4      | Identified the +0 leather armour of Erainevi {Str+2}
  3895 | D:5      | Entered Level 5 of the Dungeon
  3936 | D:5      | Noticed Duvessa
  3937 | D:5      | Noticed Dowan
  3950 | D:5      | Mangled by Dowan
                  | ... wielding a +4 dagger of distortion
                  | (17 damage)
  3952 | D:5      | Killed Dowan
  3955 | D:5      | Killed Duvessa
  3955 | D:5      | Noticed Pikel
  3956 | D:5      | Reached skill level 5 in Axes
  3968 | D:5      | Killed Pikel
  3969 | D:5      | Gained mutation: You have sharp fingernails. [demonic
                  | ancestry]
  3969 | D:5      | Reached XP level 8. HP: 25/65 MP: 2/8
  4129 | D:5      | Noticed an ancient zyme
  4149 | D:5      | Noticed Mangosteen's ghost (novice MiBe)
  4150 | D:5      | Found a one-way gate to the infinite horrors of the Abyss.
  4195 | D:5      | Found a transporter.
  4200 | D:5      | Found a transporter.
  4542 | D:5      | Killed Mangosteen's ghost
  4548 | D:5      | Killed an ancient zyme
  4565 | D:5      | Gained mutation: You are surrounded by a mild repulsion
                  | field. (EV +2) [demonic ancestry]
  4565 | D:5      | Reached XP level 9. HP: 17/72 MP: 5/9
  4665 | Abyss:1  | Cast into level 1 of the Abyss (gnoll)
  4675 | Abyss:1  | Noticed a tentacled starspawn
  4682 | Abyss:1  | HP: 1/72 [tentacled starspawn (9)]
  4683 | Abyss:1  | Killed a tentacled starspawn
  4693 | D:5      | Escaped the Abyss
  5022 | D:6      | Found a runed translucent door.
  5023 | D:6      | Noticed Crazy Yiuf
  5044 | D:6      | Found a snail-covered altar of Cheibriados.
  5087 | D:6      | Reached skill level 1 in Polearms
  5203 | D:6      | Noticed Menkaure
  5209 | D:6      | Killed Menkaure
  5268 | D:6      | Found a hide-covered altar of Uskayaw.
  5525 | D:6      | Killed Crazy Yiuf
  5657 | D:7      | Noticed a troll
  5662 | D:7      | Killed a troll
  5663 | D:7      | Reached XP level 10. HP: 58/82 MP: 10/10
  5889 | D:7      | Noticed Prince Ribbit
  5893 | D:7      | Killed Prince Ribbit
  5997 | D:7      | Found a sand-covered staircase.
  6005 | Ossuary  | Entered an ossuary
  6195 | Ossuary  | Reached skill level 5 in Polearms
  6815 | D:8      | Reached skill level 5 in Shields
  6906 | D:8      | Gained mutation: You have a somewhat thin skeletal
                  | structure. (Dex +2, Stealth+) [potion of mutation]
  6906 | D:8      | Gained mutation: You expend magic power (3 MP) to
                  | strengthen your wands. [potion of mutation]
  7074 | D:8      | Noticed a boulder beetle
  7083 | D:8      | Killed a boulder beetle
  7988 | D:9      | Reached XP level 11. HP: 90/90 MP: 11/11
  8190 | D:10     | Entered Level 10 of the Dungeon
  8227 | D:10     | Noticed an orc knight
  8227 | D:10     | Noticed a stone giant
  8292 | D:10     | Found a transporter.
  8292 | D:10     | Noticed ytrimaz's ghost (journeyman GnRe)
  8296 | D:10     | Found a transporter.
  8301 | D:10     | Reached skill level 10 in Fighting
  8301 | D:10     | Reached skill level 1 in Dodging
  8634 | D:10     | Found a staircase to the Orcish Mines.
  9255 | D:10     | Slain by a stone giant (26 damage)
  9266 | D:10     | Killed a stone giant
  9270 | D:10     | HP: 1/91 [orc knight/+2 war axe (15)]
  9271 | D:10     | Mangled by an orc knight
                  | ... wielding a +2 war axe
                  | (9 damage)
  9273 | D:10     | Killed ytrimaz's ghost
  9280 | D:10     | Killed an orc knight
  9305 | D:10     | Identified the +0 helmet of Heresy {rN+ Str+3 Slay+6}
  9360 | D:11     | Noticed a green ugly thing
  9361 | D:11     | Banished a green ugly thing
  9385 | D:11     | Found a staircase to the Lair.
  9464 | D:11     | Noticed a two-headed ogre
  9468 | D:11     | Killed a two-headed ogre
  9576 | D:11     | HP: 3/92 [killer bee (6)]
  9577 | D:11     | HP: 1/92 [poisoned by a killer bee]
  9578 | D:11     | Succumbed to a killer bee's poison
  9673 | D:11     | Found Seniam's Antique Weapon Emporium.
 10113 | Lair:1   | Entered Level 1 of the Lair of Beasts
 10156 | Lair:1   | You fall into a shaft and drop 1 floor!
 10252 | Lair:1   | Gained mutation: A powerful demonic guardian rushes to your
                  | aid. [demonic ancestry]
 10252 | Lair:1   | Reached XP level 12. HP: 99/99 MP: 12/12
 10418 | Lair:1   | Noticed a death yak
 10418 | Lair:1   | Noticed a death yak
 10418 | Lair:1   | Noticed a death yak
 10418 | Lair:1   | Noticed a death yak
 10418 | Lair:1   | Noticed a death yak
 10419 | Lair:1   | Noticed a death yak
 10424 | Lair:1   | Killed a death yak
 10431 | Lair:1   | Killed a death yak
 10445 | Lair:1   | Killed a death yak
 10446 | Lair:1   | Killed a death yak
 10450 | Lair:1   | Killed a death yak
 10459 | Lair:1   | Killed a death yak
 10460 | Lair:1   | Reached skill level 10 in Polearms
 11004 | Lair:2   | Noticed Urug
 11010 | Lair:2   | Reached skill level 5 in Dodging
 11011 | Lair:2   | Banished Urug
 11192 | Lair:2   | Bought a +2 pair of boots of stealth for 236 gold pieces
 11343 | Lair:2   | Noticed a death yak
 11344 | Lair:2   | Noticed a death yak
 11353 | Lair:2   | Killed a death yak
 11356 | Lair:2   | Killed a death yak
 11416 | Lair:2   | Found a staircase to the Snake Pit.
 11644 | Lair:2   | Found a staircase to the Swamp.
 11646 | Lair:2   | Noticed a six-headed hydra
 11652 | Lair:2   | Killed a six-headed hydra
 11653 | Lair:2   | Reached XP level 13. HP: 103/107 MP: 13/13
 11909 | Lair:3   | Noticed Snorg
 11915 | Lair:3   | Banished Snorg
 11932 | Lair:3   | Noticed Nessos
 11949 | Lair:3   | Killed Nessos
 12104 | Lair:3   | Noticed Fannar
 12110 | Lair:3   | Banished Fannar
 12322 | Lair:3   | Found a runed translucent door.
 12322 | Lair:3   | Found a shimmering altar of Xom.
 12322 | Lair:3   | Noticed TheSexyCheese's ghost (journeyman DsFE)
 12343 | Lair:3   | Killed TheSexyCheese's ghost
 12349 | Lair:3   | Identified the +5 trident of the Wheel {antimagic, rN+}
 13022 | Lair:4   | Found a runed translucent door.
 13022 | Lair:4   | Found a viscous altar of Jiyva.
 13023 | Lair:4   | Found a staircase to the Slime Pits.
 13561 | Lair:5   | Entered Level 5 of the Lair of Beasts
 13656 | Lair:5   | Reached XP level 14. HP: 111/116 MP: 14/14
 13818 | Lair:5   | Noticed Rupert
 13823 | Lair:5   | Paralysed by Rupert for 4 turns
 13836 | Lair:5   | HP: 4/116 [Rupert/+2 great sword of freezing (16)]
 13836 | Lair:5   | Mangled by Rupert
                  | ... wielding a +2 great sword of freezing
                  | (11 damage)
 13845 | Lair:5   | Killed Rupert
 14084 | Lair:5   | Reached skill level 10 in Shields
 14557 | Lair:5   | Identified the ring of Weicwu {Wiz +Blink rPois rF+++
                  | Slay-2}
 15062 | Orc:1    | Entered Level 1 of the Orcish Mines
 15062 | Orc:1    | Noticed Erica
 15081 | Orc:1    | Slain by an orc warrior
                  | ... wielding a +0 halberd
                  | (10 damage)
 15094 | Orc:1    | Killed Erica
 15284 | Orc:1    | Paralysed by an orc sorcerer for 4 turns
 15487 | Orc:2    | Entered Level 2 of the Orcish Mines
 15551 | Orc:2    | Found a staircase to the Elven Halls.
 15734 | Orc:2    | Paralysed by an orc sorcerer for 5 turns
 15773 | Orc:2    | Found Mamimot's Assorted Antiques.
 15776 | Orc:2    | Found Uxzap's Assorted Antiques.
 15873 | Orc:2    | Found Vibaimn's Weapon Emporium.
 15878 | Orc:2    | Found Lapaig's General Store.
 15881 | Orc:2    | Bought a potion of mutation for 192 gold pieces
 15881 | Orc:2    | Bought a small pearl amulet for 120 gold pieces
 15894 | Orc:2    | Bought a slimy chain mail for 228 gold pieces
 15894 | Orc:2    | Identified the +0 chain mail of the Carpenter {Dex+2} (You
                  | bought it in a shop on level 2 of the Orcish Mines)
 15991 | Orc:2    | Reached XP level 15. HP: 83/126 MP: 15/15
 16175 | Orc:2    | Found a transporter.
 16177 | Orc:2    | Found a transporter.
 16178 | Orc:2    | Noticed snackwell's ghost (journeyman DESu)
 16181 | Orc:2    | Identified the +6 giant club "Quptocs" {flame, Str+6}
 16315 | Orc:2    | Found Byplist's Jewellery Emporium.
 16419 | Orc:2    | Upgraded the game from 0.31-a0-1-g4198be8af4 to
                  | 0.31-a0-4-gefa6de2278
 16571 | Orc:2    | Banished snackwell's ghost
 16578 | Orc:2    | Reached skill level 10 in Dodging
 16785 | Orc:1    | Noticed Maurice
 16800 | Orc:1    | Killed Maurice
 17048 | Snake:1  | Entered Level 1 of the Snake Pit
 17053 | Snake:1  | Noticed Mlioglotl
 17056 | Snake:1  | Noticed a tentacled starspawn
 17068 | Snake:1  | HP: 2/127 [shock serpent (6)]
 17068 | Snake:1  | Mangled by a shock serpent (10 damage)
 17073 | Snake:1  | Noticed Azrael
 17088 | Snake:1  | Banished Mlioglotl
 17096 | Snake:1  | Slain by a shock serpent (12 damage)
 17109 | Snake:1  | Killed Azrael
 17117 | Snake:1  | Noticed Jorgrun
 17124 | Snake:1  | Banished Jorgrun
 17333 | Snake:1  | Found a bloodstained altar of Trog.
 17388 | Snake:1  | Found a runed translucent door.
 17388 | Snake:1  | Noticed Josuitwi's ghost (adept MfGl)
 17405 | Snake:1  | Identified Roxanne's Vellum of Alteration
 17405 | Snake:1  | Noticed Roxanne
 17423 | Snake:1  | Killed Roxanne
 17652 | Snake:1  | Reached skill level 15 in Fighting
 17818 | Snake:1  | Killed Josuitwi's ghost
 17963 | Snake:2  | Noticed a nagaraja
 17979 | Snake:2  | Banished a nagaraja
 18145 | Snake:2  | Found a transporter.
 18149 | Snake:2  | Noticed Rudgh's ghost (adept HOFi)
 18216 | Snake:2  | Found a transporter.
 18568 | Snake:2  | Reached XP level 16. HP: 136/136 MP: 16/16
 18592 | Snake:2  | Found Vum Qop's Jewellery Shoppe.
 18594 | Snake:2  | Found Peilys's Book Boutique.
 18595 | Snake:2  | Found Jaydioj's Jewellery Shoppe.
 18870 | Snake:2  | Slain by Rudgh's ghost (9 damage)
 18872 | Snake:2  | Banished Rudgh's ghost
 18879 | Snake:2  | HP: 3/137 [poisoned by a black mamba]
 18879 | Snake:2  | HP: 1/137 [constriction (2)]
 18879 | Snake:2  | Mangled by a shock serpent (13 damage)
 18886 | Snake:2  | Slain by an anaconda (8 damage)
 18954 | Snake:2  | Identified the ring "Yjac" {Fly rCorr Str+2 Slay+2 Stlth-}
 19065 | Snake:3  | Identified the +1 cloak "Boboec" {SInv}
 19085 | Snake:3  | HP: 5/138 [black mamba[a naga ritualist] (10)]
 19087 | Snake:3  | Reached skill level 5 in Armour
 19087 | Snake:3  | HP: 1/138 [poisoned by naga warrior (concentrated venom)]
 19089 | Snake:3  | Killed by Olgreb's Toxic Radiance
                  | ... invoked by a naga ritualist
                  | (3 damage)
 20486 | Snake:4  | Entered Level 4 of the Snake Pit
 20552 | Snake:4  | Found an iron altar of Okawaru.
 20770 | Snake:4  | HP: 3/139 [naga sharpshooter/bolt (13)]
 20771 | Snake:4  | Succumbed to a black mamba's poison
 20780 | Snake:4  | HP: 1/139 [poisoned by a nagaraja (bolt of poison)]
 20780 | Snake:4  | Killed from afar by a nagaraja (7 damage)
                  | ... with a splash of poison
 21533 | Snake:4  | Gained mutation: You are surrounded by a moderate repulsion
                  | field. (EV +3) [demonic ancestry]
 21533 | Snake:4  | Reached XP level 17. HP: 32/146 MP: 17/17
 21541 | Snake:4  | HP: 7/146 [poisoned by a nagaraja (poison arrow)]
 21795 | Snake:4  | Got a serpentine rune of Zot
 22084 | Swamp:1  | Entered Level 1 of the Swamp
 22366 | Swamp:1  | Reached skill level 10 in Armour
 22792 | Swamp:2  | Found a transporter.
 22796 | Swamp:2  | Noticed a tentacled monstrosity
 22806 | Swamp:2  | Found a transporter.
 22816 | Swamp:2  | HP: 6/147 [goliath frog[an orange crystal statue] (14)]
 22817 | Swamp:2  | Slain by a ghoul (7 damage)
 22823 | Swamp:2  | Killed a tentacled monstrosity
 22843 | Swamp:2  | HP: 5/147 [death drake] (11)]
 22843 | Swamp:2  | HP: 2/147 [poisoned by a death drake (dark miasma)]
 22844 | Swamp:2  | Engulfed by a death drake's foul pestilence (7 damage)
 23807 | Swamp:3  | HP: 7/149 [thorn hunter/volley of thorns (20)]
 23810 | Swamp:3  | HP: 3/149 [something (6)]
 23810 | Swamp:3  | HP: 1/149 [poison (poison gas)]
 23811 | Swamp:3  | Succumbed to poison (poison gas)
 24118 | Swamp:4  | Entered Level 4 of the Swamp
 24306 | Swamp:4  | Found a runed translucent door.
 24328 | Swamp:4  | Noticed 2FriedEggs's ghost (adept OgTm)
 24558 | Swamp:4  | HP: 5/149 [poisoned by a swamp dragon (poison gas)]
 24558 | Swamp:4  | Slain by an eight-headed hydra (6 damage)
 24604 | Swamp:4  | HP: 7/149 [five-headed hydra (5)]
 24611 | Swamp:4  | Noticed the 27-headed Lernaean hydra
 24613 | Swamp:4  | HP: 7/149 [the 27-headed Lernaean hydra (5)]
 24613 | Swamp:4  | HP: 2/149 [the 27-headed Lernaean hydra (5)]
 24613 | Swamp:4  | Mangled by the 27-headed Lernaean hydra (11 damage)
 24618 | Swamp:4  | Killed the 27-headed Lernaean hydra
 24633 | Swamp:4  | Gained mutation: You have very sharp fingernails. [demonic
                  | ancestry]
 24633 | Swamp:4  | Reached XP level 18. HP: 118/157 MP: 18/18
 24658 | Swamp:4  | HP: 2/157 [poison (poison gas)]
 24658 | Swamp:4  | Killed from afar by a lindwurm (10 damage)
                  | ... with a blast of flame
 24870 | Swamp:4  | Got a decaying rune of Zot
 25038 | Swamp:4  | Banished 2FriedEggs's ghost
 25821 | D:13     | Found a gate leading to a gauntlet.
 25832 | Gauntlet | Entered a Gauntlet
 25832 | Gauntlet | Found a transporter.
 25832 | Gauntlet | Found a runed translucent door.
 25832 | Gauntlet | Found a transporter.
 25838 | Gauntlet | Found a transporter.
 25839 | Gauntlet | Found a runed translucent door.
 25840 | Gauntlet | Found a runed translucent door.
 25851 | Gauntlet | Found a transporter.
 25868 | Gauntlet | Found a transporter.
 25869 | Gauntlet | Found a transporter.
 25869 | Gauntlet | Found a transporter.
 25872 | Gauntlet | Found a transporter.
 25872 | Gauntlet | Found a transporter.
 25884 | Gauntlet | Found a transporter.
 25902 | Gauntlet | Found a transporter.
 25912 | Gauntlet | Found a transporter.
 25928 | Gauntlet | Found a transporter.
 25948 | Gauntlet | Found a transporter.
 25957 | Gauntlet | Found a runed translucent door.
 26389 | Gauntlet | Identified the ring of the Shining Light {rPois rF+ rCorr
                  | Str+6}
 26423 | Gauntlet | Identified the +6 ice dragon scales of the Falcon {*Corrode
                  | rPois rF- rC++ rN++ Regen+}
 26423 | Gauntlet | Identified the ring "Zeogulle" {rPois rF+ rC+ rN+ Dex-2}
 26503 | Gauntlet | Got Lom Lobon's Lectures on Superposition
 27186 | D:14     | Found a blossoming altar of Fedhas.
 27341 | D:14     | Found a gate to the Vaults.
 27381 | D:14     | Found a frozen archway.
 27407 | IceCv    | Entered an ice cave
 27475 | IceCv    | Found a transporter.
 27488 | IceCv    | Found a transporter.
 28363 | D:15     | Entered Level 15 of the Dungeon
 28378 | D:15     | Found a broken altar of Ashenzari.
 28470 | D:15     | Found a staircase to the Depths.
 28504 | D:15     | Identified a scroll of acquirement
 28554 | D:15     | Acquired 812 gold pieces
 28645 | D:15     | Reached skill level 15 in Armour
 28722 | D:15     | Found Qukof's Book Emporium.
 28823 | D:15     | Paralysed by an ogre mage for 5 turns
 29159 | Vaults:1 | Entered Level 1 of the Vaults
 29242 | Vaults:1 | Noticed Donald
 29253 | Vaults:1 | Banished Donald
 29370 | Vaults:1 | Paralysed by a great orb of eyes for 2 turns
 29383 | Vaults:1 | Reached XP level 19. HP: 143/167 MP: 19/19
 29505 | Vaults:1 | Got the Secrets of Fog and Reconstruction
 29603 | Vaults:1 | Identified the +4 leather armour of Knowledge {-Tele rF+
                  | Str+3}
 29687 | Vaults:1 | Found Fizajeo's Weapon Emporium.
 32002 | Vaults:3 | Reached XP level 20. HP: 178/178 MP: 20/20
 32090 | Vaults:3 | Found a staircase to the Crypt.
 33634 | Vaults:4 | Mangled by a deep troll (23 damage)
                  | ... led by an ironbound preserver
 33651 | Vaults:4 | HP: 9/180 [ironbound frostheart/creeping frost (5)]
 33656 | Vaults:4 | HP: 3/180 [ironbound frostheart/creeping frost (5)]
 33658 | Vaults:4 | Killed from afar by an ironbound frostheart (4 damage)
                  | ... by creeping frost
 34430 | Vaults:4 | You fall into a shaft and drop 1 floor!
 34430 | Vaults:5 | Entered Level 5 of the Vaults
 34534 | Vaults:5 | Slain by a fire giant
                  | ... wielding a +1 great sword of flaming
                  | (30 damage)
 34639 | Vaults:5 | Gained mutation: You are surrounded by a strong repulsion
                  | field. (EV +4, RMsl) [demonic ancestry]
 34639 | Vaults:5 | Reached XP level 21. HP: 187/187 MP: 21/21
 34665 | Vaults:5 | Noticed Mara
 34698 | Vaults:5 | Killed Mara
 34783 | Vaults:5 | Reached skill level 10 in Axes
 34882 | Vaults:5 | Identified the +0 pair of boots of the Teacher {Harm rPois
                  | Will+++ Dex-2}
 34917 | Vaults:5 | Identified the staff of conjuration "Doosa" {Stlth+}
 35125 | Vaults:5 | Identified the staff of fire "Requdoeb" {rF+ Int+3 Dex+3}
 35154 | Vaults:5 | Paralysed by a sphinx for 4 turns
 35338 | Vaults:5 | Found the +4 robe of Folly {Brill Will-∞ Int+8}
 35348 | Vaults:5 | Identified the staff of air "Tefejuj" {+Blink rElec rF++
                  | Str+3}
 35396 | Vaults:5 | Noticed a dread lich
 35422 | Vaults:5 | HP: 4/188 [Ice Fiend[a dread lich] (11)]
 35422 | Vaults:5 | Slain by an Ice Fiend (4 damage)
                  | ... summoned by a dread lich
 35424 | Vaults:5 | Killed a dread lich
 35518 | Vaults:5 | Got a silver rune of Zot
 35696 | Vaults:5 | Noticed Jory
 35705 | Vaults:5 | Banished Jory
 36480 | Vaults:5 | Found Tagohaleu's Armour Shop.
 36920 | Elf:1    | Entered Level 1 of the Elven Halls
 37407 | Abyss:2  | Cast into level 2 of the Abyss (a deep elf sorcerer)
 37412 | Abyss:2  | Gained mutation: You have claws for hands. [demonic
                  | ancestry]
 37412 | Abyss:2  | Reached XP level 22. HP: 196/196 MP: 22/22
 37450 | Abyss:2  | HP: 2/197 [tengu reaver/+2 antimagic broad axe (15)]
 37451 | Abyss:2  | Demolished by a vault warden
                  | ... wielding a +3 war axe
                  | (21 damage)
 37474 | Abyss:2  | HP: 7/197 [Fannar/+0 quarterstaff of freezing (5)]
 37475 | Abyss:2  | Killed from afar by an ironbound thunderhulk (14 damage)
                  | ... with a bolt of lightning
                  | ... led by a vault warden
 37478 | Abyss:2  | Killed Fannar
 37493 | Abyss:2  | HP: 8/198 [constriction (3)]
 37494 | Abyss:2  | HP: 3/198 [seven-headed hydra (3)]
 37495 | Abyss:2  | Killed Jorgrun
 37495 | Abyss:2  | HP: 1/198 [poisoned by a tengu reaver (bolt of poison)]
 37495 | Abyss:2  | Slain by a seven-headed hydra (1 damage)
 37507 | Abyss:2  | HP: 9/198 [constriction (7)]
 37507 | Abyss:2  | HP: 4/198 [seven-headed hydra (5)]
 37508 | Abyss:2  | Killed from afar by a tengu reaver (5 damage)
                  | ... with a bolt of cold
 37520 | Abyss:2  | Paralysed by accursed screaming for 1 turns
 37527 | Abyss:2  | Paralysed by accursed screaming for 1 turns
 37534 | Abyss:2  | HP: 9/198 [Donald/+0 vampiric demon trident (23)]
 37535 | Abyss:2  | HP: 4/198 [seven-headed hydra (6)]
 37535 | Abyss:2  | HP: 1/198 [seven-headed hydra (3)]
 37535 | Abyss:2  | Constricted to death by a shambling mangrove (15 damage)
 37544 | Abyss:2  | Constricted to death by a shambling mangrove (14 damage)
 37551 | Abyss:2  | Killed Donald
 37551 | Abyss:2  | Killed Jory
 37821 | Abyss:2  | Gained mutation: Your body sometimes deteriorates upon
                  | taking damage. [a neqoxec]
 37841 | Abyss:2  | Paralysed by accursed screaming for 1 turns
 37850 | Abyss:2  | Paralysed by accursed screaming for 2 turns
 37858 | Abyss:2  | Killed Mlioglotl
 38173 | Abyss:2  | Killed Urug
 38218 | Elf:1    | Escaped the Abyss
 38712 | Elf:2    | Found a crumbling gateway.
 38796 | Desolati | Entered the Desolation of Salt
 39283 | Desolati | Identified the ring "Exzaoh" {rN+++ rCorr AC+4 Str-4 Int+2}
 39287 | Desolati | Got the Folio of Obstruction and Creation
 39357 | Desolati | Identified the amulet "Suclioplem" {Faith Harm MP+9 Int+3}
 39402 | Desolati | Got the Vellum of Inconstant Curses
 39412 | Desolati | Identified the +6 double sword of Ash {drain, rC+ rN+
                  | Int+5}
 39815 | Elf:2    | Found a runed translucent gate.
 40017 | Elf:2    | Found a runed translucent gate.
 40017 | Elf:2    | Found a runed translucent gate.
 40092 | Elf:2    | Got Boilon's Sorcery, and How To Use It
 40214 | Elf:2    | Gained mutation: You are robust. (+10% HP) [demonic
                  | ancestry]
 40214 | Elf:2    | Reached XP level 23. HP: 200/226 MP: 23/23
 40600 | Elf:3    | Entered Level 3 of the Elven Halls
 40635 | Elf:3    | Found Woesia's Assorted Antiques.
 41110 | Abyss:3  | Found a corrupted altar of Lugonu.
 41110 | Abyss:3  | Cast into level 3 of the Abyss (a deep elf sorcerer)
 41151 | Abyss:3  | Paralysed by a floating eye for 3 turns
 41152 | Abyss:3  | HP: 7/227 [ettin/+0 giant club of distortion (27)]
 41152 | Abyss:3  | Slain by an ettin
                  | ... wielding a +0 giant club of distortion
                  | (5 damage)
                  | ... while paralysed by a floating eye
 41179 | Abyss:4  | Gained mutation: Your magical capacity is low. (-10% MP) [a
                  | neqoxec]
 41181 | Abyss:4  | Gained mutation: You are dopey. (Int -2) [a neqoxec]
 41208 | Abyss:4  | Gained mutation: Your body often deteriorates upon taking
                  | damage. [a neqoxec]
 41232 | Abyss:4  | HP: 7/227 [starcursed mass/accursed screaming (11)]
 41234 | Abyss:4  | Killed from afar by a starcursed mass (10 damage)
                  | ... with an accursed screaming
 41234 | Abyss:4  | Paralysed by accursed screaming for 1 turns
 41237 | Abyss:4  | Got an abyssal rune of Zot
 41269 | Abyss:4  | Paralysed by accursed screaming for 2 turns
 41274 | Abyss:4  | Paralysed by accursed screaming for 2 turns
 41377 | Elf:3    | Escaped the Abyss
 41386 | Elf:3    | Paralysed by an air elemental for 1 turns
 41386 | Elf:3    | Killed from afar by a ynoxinul (30 damage)
                  | ... with an iron shot
                  | ... summoned by a deep elf demonologist
                  | ... while paralysed by an air elemental
 41397 | Elf:3    | Paralysed by an air elemental for 1 turns
 41406 | Elf:3    | Identified the ring of Zoisoepreck {rElec rC+ rCorr}
 41505 | Elf:3    | Identified the +4 halberd of Cobwebs {spect, Str+4 SInv}
 41561 | Elf:3    | Identified the +0 plate armour "Quupuff" {rF++ rN+}
 41573 | Elf:3    | Identified the +3 great sword "Kuizocky" {flame, rCorr
                  | Str+4}
 41594 | Elf:3    | Identified the +7 spear of Melee {flame, rElec rF+++ rC++
                  | Int-2}
 41680 | Elf:3    | Identified the staff of death "Gablirin" {rElec rN+ rCorr
                  | Dex+3}
 41734 | Elf:3    | Identified the +6 scimitar of Iciosuq {protect, *Noise
                  | +Blink rElec rCorr}
 42348 | Depths:1 | Entered Level 1 of the Depths
 42384 | Depths:1 | Reached skill level 1 in Stealth
 42561 | Depths:1 | Found an ancient bone altar of Kikubaaqudgha.
 42653 | Depths:1 | Found Sog Cige's Book Boutique.
 42665 | Depths:1 | Found a runed translucent gate.
 42667 | Depths:1 | Found a runed translucent gate.
 42668 | Depths:1 | Found a runed translucent gate.
 42787 | Depths:1 | Found a gateway to Hell.
 42799 | Depths:1 | Noticed Ahineos's ghost (veteran OpTm)
 42883 | Depths:1 | Banished Ahineos's ghost
 43231 | Depths:1 | Found a shadowy altar of Dithmenos.
 43443 | Depths:2 | Noticed Aizul
 43481 | Depths:2 | HP: 2/229 [spriggan berserker/+0 rapier (14)]
 43482 | Depths:2 | Slain by a tengu reaver
                  | ... wielding a +0 long sword
                  | (3 damage)
 43494 | Depths:2 | HP: 11/229 [white very ugly thing (6)]
 43494 | Depths:2 | HP: 5/229 [white very ugly thing (6)]
 43494 | Depths:2 | Constricted to death by a tentacled monstrosity (9 damage)
 43582 | Depths:2 | Killed Aizul
 43589 | Depths:2 | Reached skill level 5 in Stealth
 43626 | Depths:2 | Gained mutation: You are very robust. (+20% HP) [demonic
                  | ancestry]
 43626 | Depths:2 | Reached XP level 24. HP: 220/260 MP: 20/20
 43796 | Depths:2 | Found a runed translucent door.
 43799 | Depths:2 | Noticed Xutext's ghost (adept DsAK)
 43854 | Depths:2 | Killed Xutext's ghost
 43912 | Depths:2 | Found a one-way gate leading to the halls of Pandemonium.
 44030 | Depths:2 | Noticed a juggernaut
 44046 | Depths:2 | Killed a juggernaut
 44205 | Depths:2 | Noticed a juggernaut
 44228 | Depths:2 | Killed a juggernaut
 44706 | Depths:2 | Noticed a juggernaut
 44832 | Depths:2 | Killed a juggernaut
 44907 | Depths:2 | Identified the +2 falchion "Neck" {freeze, Will++}
 44979 | Depths:3 | You fall into a shaft and drop 1 floor!
 44979 | Depths:4 | Entered Level 4 of the Depths
 45237 | Depths:3 | Reached skill level 15 in Axes
 45242 | Depths:3 | Lost intelligence.
 45271 | Depths:3 | Lost mutation: You are dopey. (Int -2) [potion of mutation]
 45271 | Depths:3 | Lost mutation: You have a somewhat thin skeletal structure.
                  | (Dex +2, Stealth+) [potion of mutation]
 45271 | Depths:3 | Lost mutation: You expend magic power (3 MP) to strengthen
                  | your wands. [potion of mutation]
 45271 | Depths:3 | Gained mutation: You occasionally lose the ability to read
                  | scrolls when taking damage. [potion of mutation]
 45271 | Depths:3 | Gained mutation: You are agile. (Dex +4, Str/Int -1)
                  | [potion of mutation]
 45788 | Depths:3 | Found a hazy altar of Hepliaklqana.
 46211 | Depths:3 | Bought the +8 whip "Snakebite" {venom, curare, rPois} for
                  | 1355 gold pieces
 46211 | Depths:3 | Bought a crystal broad axe for 225 gold pieces
 46211 | Depths:3 | Identified the +5 broad axe of Ru, Screaming {flame, rElec}
                  | (You bought it in a shop on level 3 of the Depths)
 46211 | Depths:3 | Found the +8 whip "Snakebite" {venom, curare, rPois}
 46230 | Depths:3 | Bought the +8 frozen axe "Frostbite" {freeze, freezing
                  | cloud, *Noise Fly rC+} for 2965 gold pieces
 46230 | Depths:3 | Found the +8 frozen axe "Frostbite" {freeze, freezing
                  | cloud, *Noise Fly rC+}
 46230 | Depths:3 | Bought the +6 arbalest "Damnation" {damnation} for 3360
                  | gold pieces
 46230 | Depths:3 | Found the +6 arbalest "Damnation" {damnation}
 46280 | Depths:3 | Identified the staff of conjuration "Gedghav" {Int-2 Dex+8}
 46603 | Depths:4 | Found Wavatz's Weapon Shop.
 46868 | Depths:4 | Found Pausump's Armour Shop.
 46881 | Depths:4 | Bought the +3 robe of Clouds {*Thunder rCloud rElec} for
                  | 712 gold pieces
 46881 | Depths:4 | Found the +3 robe of Clouds {*Thunder rCloud rElec}
 46911 | Depths:4 | Found Aditereb's Armour Shoppe.
 46915 | Depths:4 | Bought the +4 skin of Zhor {*Englaciate rC+++ SInv} for
                  | 1396 gold pieces
 46915 | Depths:4 | Found the +4 skin of Zhor {*Englaciate rC+++ SInv}
 47055 | Depths:4 | Found a gate to the Realm of Zot.
 47170 | Depths:4 | Found a one-way gateway to a ziggurat.
 47305 | Depths:4 | Found Naesoded's Armour Emporium.
 48778 | Zot:1    | Entered Level 1 of the Realm of Zot
 48802 | Zot:1    | Reached skill level 10 in Stealth
 48823 | Zot:1    | Reached XP level 25. HP: 245/273 MP: 20/20
 49425 | Zot:1    | Noticed an orb of fire
 51084 | Zot:2    | Noticed an orb of fire
 51087 | Zot:2    | Banished an orb of fire
 52470 | Zot:5    | Entered Level 5 of the Realm of Zot
 52668 | Zot:5    | Noticed a Killer Klown
 52668 | Zot:5    | Noticed a dread lich
 52668 | Zot:5    | Noticed an orb of fire
 52668 | Zot:5    | Noticed an orb of fire
 52675 | Zot:5    | Noticed an orb of fire
 52679 | Zot:5    | Killed a Killer Klown
 52684 | Zot:5    | Noticed an orb of fire
 52684 | Zot:5    | Noticed a Killer Klown
 52689 | Zot:5    | Noticed an orb of fire
 52696 | Zot:5    | Noticed an orb of fire
 52699 | Zot:5    | Noticed an orb of fire
 52700 | Zot:5    | Gained mutation: Armour fits poorly on your strangely
                  | shaped body. [an orb of fire]
 52701 | Zot:5    | Noticed a Killer Klown
 52703 | Zot:5    | Noticed a Killer Klown
 52704 | Zot:5    | Killed a Killer Klown
 52707 | Zot:5    | Killed a Killer Klown
 52707 | Zot:5    | Gained mutation: You have a beak for a mouth. [an orb of
                  | fire]
 52711 | Zot:5    | Killed an orb of fire
 52714 | Zot:5    | Killed an orb of fire
 52720 | Zot:5    | Gained mutation: Your spells are a little easier to cast,
                  | but a little less powerful. [an orb of fire]
 52722 | Zot:5    | Noticed an ancient lich
 52725 | Zot:5    | Gained mutation: Your spells are easier to cast, but less
                  | powerful. [an orb of fire]
 52726 | Zot:5    | Gained mutation: You do not regenerate when monsters are
                  | visible. [an orb of fire]
 52729 | Zot:5    | HP: 4/278 [orb of fire/bolt of fire (26)]
 52729 | Zot:5    | Constricted to death by a tentacled monstrosity (8 damage)
 52731 | Zot:5    | Killed a Killer Klown
 52737 | Zot:5    | Killed an orb of fire
 52738 | Zot:5    | Reached XP level 26. HP: 167/288 MP: 20/20
 52739 | Zot:5    | Noticed a dread lich
 52742 | Zot:5    | Killed an orb of fire
 52755 | Zot:5    | Killed an ancient lich
 52764 | Zot:5    | Killed an orb of fire
 52766 | Zot:5    | Killed a dread lich
 52791 | Zot:5    | Killed a dread lich
 52965 | Zot:5    | Banished an orb of fire
 53961 | Slime:1  | Entered Level 1 of the Pits of Slime
 54138 | Slime:3  | Gained mutation: You are weak. (Str -2) [a shining eye]
 54139 | Slime:3  | Gained mutation: You occasionally shout uncontrollably at
                  | your foes. [a shining eye]
 54141 | Slime:3  | Gained mutation: Your spells are much easier to cast, but
                  | much less powerful. [a shining eye]
 54143 | Slime:3  | Gained mutation: You have hidden genetic defects. [a
                  | shining eye]
 54145 | Slime:3  | HP: 13/288 [azure jelly (10)]
 54146 | Slime:3  | HP: 5/288 [acid (2)]
 54146 | Slime:3  | HP: 1/288 [azure jelly (3)]
 54146 | Slime:3  | Mangled by a large slime creature (9 damage)
 54148 | Slime:3  | Gained mutation: You are dopey. (Int -2) [a shining eye]
 54151 | Slime:3  | HP: 11/288 [acid blob (1)]
 54153 | Slime:3  | Mangled by an acid blob (16 damage)
 54158 | Slime:3  | Gained mutation: You are very dopey. (Int -4) [a shining
                  | eye]
 54159 | Slime:3  | Lost mutation: You are agile. (Dex +4, Str/Int -1) [a
                  | shining eye]
 54165 | Slime:3  | Mangled by an acid blob (30 damage)
 54176 | Slime:3  | HP: 11/288 [azure jelly (7)]
 54177 | Slime:3  | Slain by a slime creature (11 damage)
 54178 | Slime:3  | Reached skill level 27 in Fighting
 54187 | Slime:3  | HP: 7/290 [azure jelly (10)]
 54188 | Slime:3  | Mangled by an acid blob (14 damage)
 54193 | Slime:3  | HP: 3/290 [acid blob (14)]
 54193 | Slime:3  | HP: 1/290 [acid (2)]
 54193 | Slime:3  | Mangled by an azure jelly (12 damage)
 54203 | Slime:3  | Reached skill level 15 in Stealth
 54492 | Slime:3  | Lost mutation: You are weak. (Str -2) [potion of mutation]
 54492 | Slime:3  | Lost mutation: You are very dopey. (Int -4) [potion of
                  | mutation]
 54492 | Slime:3  | Lost mutation: Your body often deteriorates upon taking
                  | damage. [potion of mutation]
 54493 | Slime:3  | Lost mutation: Armour fits poorly on your strangely shaped
                  | body. [potion of mutation]
 54493 | Slime:3  | Lost mutation: You have a beak for a mouth. [potion of
                  | mutation]
 54493 | Slime:3  | Lost mutation: You are dopey. (Int -2) [potion of mutation]
 54493 | Slime:3  | Gained mutation: You sometimes lose the ability to read
                  | scrolls when taking damage. [potion of mutation]
 54494 | Slime:3  | Lost mutation: Your spells are much easier to cast, but
                  | much less powerful. [potion of mutation]
 54494 | Slime:3  | Lost mutation: You do not regenerate when monsters are
                  | visible. [potion of mutation]
 54494 | Slime:3  | Gained mutation: You are dopey. (Int -2) [potion of
                  | mutation]
 54495 | Slime:3  | Lost mutation: You sometimes lose the ability to read
                  | scrolls when taking damage. [potion of mutation]
 54495 | Slime:3  | Lost mutation: You are dopey. (Int -2) [potion of mutation]
 54495 | Slime:3  | Lost mutation: Your magical capacity is low. (-10% MP)
                  | [potion of mutation]
 54495 | Slime:3  | Gained mutation: You are extremely robust. (+30% HP)
                  | [potion of mutation]
 54495 | Slime:3  | Lost mutation: Your body sometimes deteriorates upon taking
                  | damage. [potion of mutation]
 54496 | Slime:3  | Lost mutation: You have hidden genetic defects. [potion of
                  | mutation]
 54496 | Slime:3  | Lost mutation: You occasionally shout uncontrollably at
                  | your foes. [potion of mutation]
 54496 | Slime:3  | Gained mutation: You sometimes lose your temper in combat.
                  | [potion of mutation]
 54496 | Slime:3  | Gained mutation: You have supernaturally acute eyesight.
                  | (SInv) [potion of mutation]
 54623 | Slime:5  | Entered Level 5 of the Pits of Slime
 54705 | Slime:5  | Gained mutation: Your spells are much easier to cast, but
                  | much less powerful. [a shining eye]
 54759 | Slime:5  | Noticed the Royal Jelly
 54760 | Slime:5  | Found a viscous altar of Jiyva.
 54786 | Slime:5  | Banished the Royal Jelly
 54800 | Slime:5  | Slain by an acid blob (24 damage)
                  | ... created by the Royal Jelly
 54811 | Slime:5  | HP: 2/314 [rockslime[the Royal Jelly] (37)]
 54811 | Slime:5  | Killed from afar by an acid blob (4 damage)
                  | ... with a splash of acid
 54818 | Slime:5  | Mangled by an acid blob (34 damage)
                  | ... created by the Royal Jelly
 54823 | Slime:5  | HP: 5/314 [azure jelly (11)]
 54824 | Slime:5  | Slain by an azure jelly (9 damage)
 54829 | Slime:5  | Mangled by an acid blob (34 damage)
                  | ... created by the Royal Jelly
 54842 | Slime:5  | HP: 7/314 [rockslime (42)]
 54843 | Slime:5  | Drowned by a quicksilver ooze (9 damage)
 55081 | Slime:5  | Found the ring of the Mage {Wiz Archmagi}
 55083 | Slime:5  | Found the +7 sceptre of Torment {pain, torment}
 55742 | Abyss:4  | Cast into level 4 of the Abyss (unwielding a weapon of
                  | distortion)
 55798 | Abyss:4  | Killed the Royal Jelly
 55817 | Abyss:4  | Paralysed by accursed screaming for 2 turns
 55820 | Slime:4  | Escaped the Abyss
 55821 | Slime:4  | Mangled by a titanic slime creature (60 damage)
 56262 | Hell     | Entered the Vestibule of Hell
 56262 | Hell     | Noticed Geryon
 57404 | Hell     | Banished Geryon
 57579 | Hell     | Paralysed by a vampire knight for 4 turns
 57877 | Hell     | Found a gateway to the ashen valley of Gehenna.
 58022 | Hell     | Found a gateway to the decaying netherworld of Tartarus.
 58147 | Hell     | Found a gateway to the freezing wastes of Cocytus.
 58302 | Hell     | Found a gateway to the Iron City of Dis.
 58391 | Geh:1    | Entered Level 1 of Gehenna
 58611 | Geh:2    | Noticed an ancient lich
 58623 | Geh:2    | Killed an ancient lich
 58626 | Geh:2    | HP: 13/314 [hell hog (7)]
 58626 | Geh:2    | Killed from afar by a fire giant (23 damage)
                  | ... with a fireball
 58738 | Geh:3    | Mutation became permanent: You are very robust. (+20% HP)
                  | [demonic ancestry]
 58738 | Geh:3    | Gained mutation: You are extremely robust. (+30% HP)
                  | [demonic ancestry]
 58738 | Geh:3    | Reached XP level 27. HP: 306/323 MP: 23/23
 59359 | Geh:5    | HP: 5/301 [searing wretch (30)]
 59360 | Geh:5    | Killed from afar by a hell hog (30 damage)
                  | ... with a fireball
 59387 | Geh:5    | HP: 13/306 [hellephant (9)]
 59417 | Geh:5    | HP: 10/308 [hellephant (15)]
 59456 | Geh:5    | HP: 6/312 [balrug/divine providence (14)]
 59464 | Geh:5    | HP: 7/314 [balrug/fireball (8)]
 59470 | Geh:5    | HP: 6/314 [balrug/fireball (10)]
 59479 | Geh:5    | HP: 4/315 [some lava collision (15)]
 59515 | Geh:6    | Killed from afar by a hellephant (18 damage)
                  | ... with a blast of flame
 59539 | Geh:6    | Reached skill level 15 in Dodging
 59913 | Geh:7    | Entered Level 7 of Gehenna
 60630 | Geh:7    | Found the +13 sceptre of Asmodeus
 60630 | Geh:7    | Noticed Asmodeus
 60664 | Geh:7    | Banished Asmodeus
 60950 | Geh:7    | Got an obsidian rune of Zot
 61623 | Slime:5  | Got a slimy rune of Zot
 61624 | Slime:5  | Identified the staff of poison "Irisug" {+Blink rPois rF+++
                  | rCorr}
 61831 | Slime:1  | Gained mutation: Armour fits poorly on your strangely
                  | shaped body. [a shining eye]
 62210 | Coc:1    | Entered Level 1 of Cocytus
 62236 | Coc:1    | Reached skill level 15 in Shields
 62860 | Coc:3    | HP: 2/484 [hellion/damnation (34)]
 62860 | Coc:3    | Killed from afar by a hellion (21 damage)
                  | ... with damnation
 63523 | Coc:4    | HP: 16/323 [nargun (2)]
 63524 | Coc:4    | HP: 2/323 [nargun (15)]
 63525 | Coc:4    | Slain by a caustic shrike simulacrum (8 damage)
 63588 | Coc:5    | Paralysed by a wendigo for 1 turns
 64032 | Coc:6    | HP: 24/484 [shard shrike (3)]
 64035 | Coc:6    | HP: 9/484 [shard shrike/shard of ice (7)]
 64055 | Coc:6    | HP: 16/323 [shard shrike (5)]
 64056 | Coc:6    | Slain by a shard shrike (14 damage)
 64075 | Coc:6    | HP: 13/323 [wendigo (6)]
 64076 | Coc:6    | HP: 4/323 [caustic shrike simulacrum (4)]
 64076 | Coc:6    | Slain by a nargun (6 damage)
                  | ... while petrified by a nargun
 64076 | Coc:6    | Paralysed by a wendigo for 1 turns
 64085 | Coc:6    | Paralysed by a wendigo for 1 turns
 64102 | Coc:6    | Paralysed by a wendigo for 1 turns
 64469 | Coc:7    | Entered Level 7 of Cocytus
 64486 | Coc:7    | Paralysed by a wendigo for 1 turns
 64488 | Coc:7    | Paralysed by a wendigo for 1 turns
 64499 | Abyss:5  | Cast into level 5 of the Abyss (unwielding a weapon of
                  | distortion)
 64525 | Abyss:5  | HP: 16/323 [spatial maelstrom (4)]
 64525 | Abyss:5  | HP: 3/323 [fire giant/+1 great sword of flaming (13)]
 64525 | Abyss:5  | HP: 1/323 [fire giant/+1 great sword of flaming (2)]
 64525 | Abyss:5  | Killed from afar by a starcursed mass (12 damage)
                  | ... with an accursed screaming
 64525 | Abyss:5  | Paralysed by accursed screaming for 1 turns
 64530 | Abyss:5  | Paralysed by accursed screaming for 2 turns
 64533 | Abyss:5  | Paralysed by a wendigo for 1 turns
 64533 | Abyss:5  | HP: 13/323 [iron troll (10)]
 64533 | Abyss:5  | Slain by an iron troll (12 damage)
                  | ... while paralysed by a wendigo
 64536 | Abyss:5  | Paralysed by a wendigo for 1 turns
 64542 | Abyss:5  | Paralysed by accursed screaming for 2 turns
 64543 | Abyss:5  | HP: 8/323 [balrug/divine providence (12)]
 64543 | Abyss:5  | Mangled by a fire giant
                  | ... wielding a +0 great sword of flaming
                  | (16 damage)
                  | ... while paralysed by accursed screaming
 64545 | Coc:7    | Escaped the Abyss
 64662 | Coc:7    | HP: 15/323 [harpy simulacrum (4)]
 64685 | Coc:7    | HP: 10/323 [shard shrike (4)]
 65149 | Coc:7    | Paralysed by a wendigo for 1 turns
 65155 | Coc:7    | Paralysed by a wendigo for 1 turns
 65552 | Coc:7    | HP: 5/323 [frost giant/+0 battleaxe of freezing (13)]
 65553 | Coc:7    | Killed from afar by a frost giant (7 damage)
                  | ... with a bolt of cold
 65677 | Coc:7    | HP: 12/323 [wendigo (6)]
 65678 | Coc:7    | Paralysed by a wendigo for 1 turns
 65678 | Coc:7    | HP: 3/323 [wendigo/stunning burst (5)]
 65679 | Coc:7    | Killed from afar by an elemental wellspring (13 damage)
                  | ... with a torrent of water
                  | ... while petrified by a nargun
 65692 | Coc:7    | Paralysed by a wendigo for 1 turns
 65696 | Coc:7    | HP: 6/323 [titan/the air (25)]
 65696 | Coc:7    | Mangled by an Ice Fiend (14 damage)
 65704 | Coc:7    | Paralysed by a wendigo for 1 turns
 65712 | Coc:7    | HP: 6/323 [nargun (11)]
 65713 | Coc:7    | Drowned by a water elemental (5 damage)
                  | ... summoned by an elemental wellspring
 65724 | Coc:7    | Paralysed by a wendigo for 1 turns
 65732 | Coc:7    | Paralysed by a wendigo for 1 turns
 65746 | Coc:7    | Paralysed by a wendigo for 1 turns
 65749 | Coc:7    | Killed by the air
                  | ... invoked by a titan
                  | (28 damage)
 65752 | Coc:7    | Noticed Antaeus
 65762 | Coc:7    | HP: 9/323 [titan/the air (23)]
 65764 | Coc:7    | Annihilated by Antaeus
                  | ... wielding a +1 halberd of venom
                  | (48 damage)
 65777 | Coc:7    | HP: 14/323 [Ice Fiend (4)]
 65777 | Coc:7    | HP: 6/323 [Ice Fiend (3)]
 65778 | Coc:7    | Annihilated by Antaeus
                  | ... wielding a +1 halberd of venom
                  | (38 damage)
 65797 | Coc:7    | Paralysed by a wendigo for 1 turns
 65800 | Coc:7    | Paralysed by a wendigo for 1 turns
 65812 | Coc:7    | HP: 12/323 [Antaeus/+1 halberd of venom (14)]
 65813 | Coc:7    | Paralysed by a wendigo for 1 turns
 65813 | Coc:7    | HP: 2/323 [Antaeus/icy flash freeze (6)]
 65814 | Coc:7    | Paralysed by a wendigo for 1 turns
 65814 | Coc:7    | Annihilated by Antaeus
                  | ... wielding a +1 halberd of venom
                  | (29 damage)
                  | ... while paralysed by a wendigo
 65816 | Coc:7    | Paralysed by a wendigo for 1 turns
 65836 | Coc:7    | Paralysed by a wendigo for 1 turns
 65839 | Coc:7    | Paralysed by a wendigo for 1 turns
 65853 | Coc:7    | Banished Antaeus
 66079 | Coc:7    | Identified the +6 short sword "Gihy Uth" {flame, Fly rN+
                  | Will- Dex+4}
 66138 | Coc:7    | Paralysed by a wendigo for 1 turns
 66160 | Coc:7    | Noticed a dread lich
 66178 | Coc:7    | Paralysed by a dread lich for 3 turns
 66266 | Coc:7    | Paralysed by a wendigo for 1 turns
 66284 | Coc:7    | Paralysed by a wendigo for 1 turns
 66351 | Coc:7    | Got an icy rune of Zot
 67003 | Dis:1    | Entered Level 1 of the Iron City of Dis
 67244 | Dis:1    | Lost mutation: You occasionally lose the ability to read
                  | scrolls when taking damage. [potion of mutation]
 67244 | Dis:1    | Lost mutation: You sometimes lose your temper in combat.
                  | [potion of mutation]
 67244 | Dis:1    | Lost mutation: Your spells are much easier to cast, but
                  | much less powerful. [potion of mutation]
 67244 | Dis:1    | Gained mutation: Your system is resistant to poisons.
                  | (rPois) [potion of mutation]
 67244 | Dis:1    | Gained mutation: Your natural rate of healing is unusually
                  | fast. [potion of mutation]
 67333 | Dis:2    | Noticed an ancient lich
 67350 | Dis:2    | Killed an ancient lich
 67409 | Dis:2    | You fall into a shaft and drop 1 floor!
 67436 | Dis:3    | HP: 13/323 [iron golem[an iron giant] (30)]
 67437 | Dis:3    | HP: 6/323 [iron golem[an iron giant] (8)]
 67442 | Dis:3    | Killed from afar by a quicksilver elemental (26 damage)
                  | ... with a bolt of dispelling energy
 67925 | Dis:5    | Noticed a dread lich
 67927 | Dis:5    | Banished a dread lich
 68030 | Dis:6    | HP: 11/323 [quicksilver elemental (12)]
 68030 | Dis:6    | Slain by a Hell Sentinel (15 damage)
 68041 | Dis:6    | Slain by an iron golem (23 damage)
                  | ... led by an iron giant
 68058 | Dis:6    | HP: 12/323 [iron golem[an iron giant] (15)]
 68058 | Dis:6    | Mangled by an iron golem (22 damage)
                  | ... led by an iron giant
 68256 | Dis:7    | Entered Level 7 of the Iron City of Dis
 68413 | Dis:7    | Noticed Dispater
 68413 | Dis:7    | Found the +13 scythe of Curses {drain, curses, Drain}
 68466 | Dis:7    | Banished Dispater
 68534 | Dis:7    | Identified the amulet "Jinoddirinn" {Acrobat rF+ Dex+2}
 68541 | Dis:7    | Got an iron rune of Zot
 68544 | Dis:7    | Got Myrep's Thoughts on the Grey Iceberg
 68587 | Dis:7    | Noticed a juggernaut
 68590 | Dis:7    | Noticed the Serpent of Hell
 68603 | Dis:7    | HP: 14/323 [the Serpent of Hell (10)]
 68604 | Dis:7    | HP: 2/323 [quicksilver dragon[the Serpent of Hell] (13)]
 68604 | Dis:7    | Annihilated by an iron golem (27 damage)
 68624 | Dis:7    | Killed from afar by the Serpent of Hell (67 damage)
                  | ... with a crystal spear
 68627 | Abyss:5  | Cast into level 5 of the Abyss (unwielding a weapon of
                  | distortion)
 68654 | Abyss:5  | Killed Snorg
 68664 | Abyss:5  | HP: 15/323 [bone dragon (6)]
 68665 | Abyss:5  | HP: 7/323 [Antaeus/icy flash freeze (10)]
 68666 | Abyss:5  | Mangled by a bone dragon (15 damage)
 68687 | Abyss:5  | Mangled by Antaeus
                  | ... wielding a +1 halberd of venom
                  | (46 damage)
 68712 | Abyss:5  | HP: 16/323 [vampire knight/+2 long sword (7)]
 68715 | Abyss:5  | HP: 3/323 [starcursed mass/accursed screaming (5)]
 68716 | Abyss:5  | Killed by divine providence
                  | ... invoked by a smoke demon
                  | (12 damage)
 68760 | Abyss:5  | Killed Antaeus
 68804 | Abyss:5  | HP: 3/323 [starcursed mass/accursed screaming (16)]
 68805 | Abyss:5  | Demolished by an iron golem (20 damage)
                  | ... led by an iron giant
 68815 | Abyss:5  | Paralysed by accursed screaming for 1 turns
 68920 | Abyss:5  | Gained mutation: Your flesh is cold resistant. (rC+) [an
                  | orb of fire]
 68930 | Abyss:5  | Gained mutation: You occasionally lose the ability to drink
                  | potions when taking damage. [an orb of fire]
 68950 | Abyss:5  | Gained mutation: Potions are less effective at restoring
                  | your health. [an orb of fire]
 68954 | Abyss:5  | Gained mutation: You occasionally lose the ability to read
                  | scrolls when taking damage. [an orb of fire]
 68955 | Abyss:5  | Gained mutation: You sometimes lose your temper in combat.
                  | [an orb of fire]
 68979 | Abyss:5  | Killed an orb of fire
 68994 | Abyss:5  | HP: 9/323 [daeva/+2 scimitar of holy wrath (8)]
 68994 | Abyss:5  | Slain by a daeva
                  | ... wielding a +2 scimitar of holy wrath
                  | (11 damage)
 69003 | Abyss:5  | Paralysed by accursed screaming for 1 turns
 69008 | Abyss:5  | Paralysed by accursed screaming for 1 turns
 69018 | Abyss:5  | Paralysed by accursed screaming for 1 turns
 69063 | Abyss:5  | Paralysed by accursed screaming for 2 turns
 69066 | Abyss:5  | Paralysed by accursed screaming for 2 turns
 69075 | Abyss:5  | Paralysed by accursed screaming for 2 turns
 69082 | Abyss:5  | Paralysed by accursed screaming for 2 turns
 69111 | Abyss:5  | Killed Geryon
 69119 | Abyss:5  | Found a corrupted altar of Lugonu.
 69125 | Abyss:5  | Paralysed by accursed screaming for 1 turns
 69130 | Abyss:5  | Paralysed by accursed screaming for 1 turns
 69134 | Abyss:5  | Paralysed by accursed screaming for 2 turns
 69135 | Abyss:5  | HP: 5/323 [starcursed mass/accursed screaming (13)]
 69135 | Abyss:5  | Killed from afar by a wretched star (6 damage)
                  | ... with a lance of force
                  | ... while paralysed by accursed screaming
 69162 | Abyss:5  | Paralysed by accursed screaming for 1 turns
 69175 | Abyss:5  | Paralysed by accursed screaming for 2 turns
 69184 | Abyss:5  | Paralysed by accursed screaming for 2 turns
 69197 | Dis:7    | Escaped the Abyss
 69207 | Dis:7    | Noticed a juggernaut
 69209 | Dis:7    | Killed a juggernaut
 69211 | Dis:7    | HP: 12/323 [iron golem (21)]
 69211 | Dis:7    | Demolished by an iron golem (27 damage)
 69245 | Dis:7    | Killed a juggernaut
 69291 | Dis:7    | Slain by the Serpent of Hell (24 damage)
 69336 | Dis:7    | HP: 23/484 [the Serpent of Hell (20)]
 69338 | Dis:7    | Killed the Serpent of Hell
 69569 | Dis:7    | Noticed a juggernaut
 69598 | Dis:7    | Killed a juggernaut
 69862 | Dis:7    | Identified the +6 dagger of Tortfeasance {freeze, +Blink}
 69863 | Dis:7    | Identified the ring "Xopaf" {Wiz rElec rPois rC+}
 70515 | Tar:1    | Entered Level 1 of Tartarus
 70802 | Tar:2    | Noticed a dread lich
 70802 | Tar:2    | Noticed a dread lich
 70802 | Tar:2    | Noticed an ancient lich
 70814 | Tar:2    | Paralysed by a dread lich for 2 turns
 70815 | Tar:2    | HP: 12/306 [Tzitzimitl (15)]
 70816 | Tar:2    | Slain by a doom hound (17 damage)
                  | ... while paralysed by a dread lich
 70817 | Tar:2    | Killed a dread lich
 70829 | Tar:2    | HP: 15/314 [ancient lich (4)]
 70831 | Tar:2    | Killed from afar by an ancient lich (34 damage)
                  | ... with a crystal spear
                  | ... while petrified by an ancient lich
 70837 | Tar:2    | Killed a dread lich
 70841 | Tar:2    | Killed an ancient lich
 71543 | Tar:5    | HP: 12/323 [something (12)]
 71543 | Tar:5    | HP: 3/323 [poison (dark miasma)]
 71544 | Tar:5    | Succumbed to poison (dark miasma)
 71579 | Tar:5    | HP: 9/323 [tainted leviathan (15)]
 71580 | Tar:5    | HP: 4/323 [poisoned by a tainted leviathan (dark miasma)]
 71581 | Tar:5    | Succumbed to a tainted leviathan's dark miasma
 72329 | Tar:7    | Entered Level 7 of Tartarus
 72495 | Tar:7    | Noticed an ancient lich
 72524 | Tar:7    | Killed an ancient lich
 72540 | Tar:7    | HP: 12/323 [tainted leviathan (7)]
 72541 | Tar:7    | HP: 3/323 [profane servitor/+1 demon whip of flaming (6)]
 72541 | Tar:7    | Demolished by a tainted leviathan (19 damage)
 72553 | Tar:7    | HP: 1/323 [tainted leviathan (20)]
 72553 | Tar:7    | Demolished by a tainted leviathan (15 damage)
 72592 | Tar:7    | Noticed an ancient lich
 72621 | Tar:7    | Killed an ancient lich
 72624 | Tar:7    | HP: 15/323 [profane servitor/+1 demon whip of electrocution
                  | (7)]
 72626 | Tar:7    | HP: 3/323 [profane servitor/+1 demon whip of electrocution
                  | (6)]
 73004 | Tar:7    | Noticed an ancient lich
 73022 | Tar:7    | Killed an ancient lich
 73039 | Tar:7    | Noticed Ereshkigal
 73053 | Tar:7    | Paralysed by Ereshkigal for 5 turns
 73055 | Tar:7    | HP: 14/323 [Tzitzimitl (12)]
 73061 | Tar:7    | HP: 12/323 [???[Ereshkigal] (4)]
 73066 | Tar:7    | HP: 12/323 [??? (4)]
 73070 | Tar:7    | Paralysed by Ereshkigal for 5 turns
 73071 | Tar:7    | HP: 10/323 [Ereshkigal (15)]
 73072 | Tar:7    | Mangled by Ereshkigal (17 damage)
                  | ... while paralysed by Ereshkigal
 73078 | Tar:7    | Killed Ereshkigal
 73161 | Tar:7    | Got a bone rune of Zot
 73392 | Pan      | Entered Pandemonium
 73565 | Pan      | Noticed Riys the pandemonium lord
 73574 | Pan      | Banished Riys the pandemonium lord
 73777 | Pan      | Noticed Deak Toa the pandemonium lord
 73809 | Pan      | Paralysed by a floating eye for 4 turns
 73815 | Pan      | Killed Deak Toa the pandemonium lord
 74088 | Pan      | Gained mutation: You sometimes lose the ability to drink
                  | potions when taking damage. [a cacodemon]
 74944 | Pan      | Noticed Wuluutz the pandemonium lord
 74946 | Pan      | Banished Wuluutz the pandemonium lord
 75192 | Pan      | Paralysed by accursed screaming for 1 turns
 75193 | Pan      | Mangled by a titanic slime creature (73 damage)
                  | ... summoned by a demonspawn corrupter
                  | ... while paralysed by accursed screaming
 75440 | Pan      | Gained mutation: Your magical capacity is low. (-10% MP) [a
                  | neqoxec]
 75590 | Pan      | Identified the amulet "Jaitazesk" {Acrobat *Corrode rF+++
                  | Str+4}
 76453 | Pan      | Noticed Tihin the pandemonium lord
 76472 | Pan      | Killed Tihin the pandemonium lord
 76740 | Pan      | Noticed Edifoass the pandemonium lord
 76764 | Pan      | Killed Edifoass the pandemonium lord
 76783 | Pan      | Entered the realm of Cerebov.
 76801 | Pan      | Identified the ring "Acweiw" {Fire rElec MP+9 Str-4 SInv}
 76888 | Pan      | Found the +6 sword of Cerebov {flame}
 76888 | Pan      | Noticed Cerebov
 76914 | Pan      | Banished Cerebov
 77161 | Pan      | Identified the ring "Plog" {rN+ Will+ Str+6 Int-3 SInv}
 77258 | Pan      | Identified the +0 arbalest of Untruth {flame, Dex+3}
 77293 | Pan      | Got a fiery rune of Zot
 77332 | Pan      | Reached skill level 27 in Dodging
 77515 | Pan      | Found an exit through the horrors of the Abyss.
 77574 | Pan      | Entered the realm of Mnoleg.
 77622 | Pan      | Noticed Mnoleg
 77642 | Pan      | Gained mutation: You are dopey. (Int -2) [a neqoxec]
 77644 | Pan      | Gained mutation: You have an uncontrollable temper. [a
                  | neqoxec]
 77647 | Pan      | Gained mutation: You occasionally shout uncontrollably at
                  | your foes. [a neqoxec]
 77650 | Pan      | Gained mutation: You are occasionally teleported next to
                  | monsters. [a neqoxec]
 77656 | Pan      | Banished Mnoleg
 77662 | Pan      | Gained mutation: You are very dopey. (Int -4) [a neqoxec]
 77777 | Pan      | Got a glowing rune of Zot
 77898 | Pan      | Noticed Mennas
 77915 | Pan      | Paralysed by a floating eye for 2 turns
 77924 | Pan      | Paralysed by a floating eye for 2 turns
 77928 | Pan      | Gained mutation: You are vulnerable to heat. (rF-) [a
                  | cacodemon]
 77931 | Pan      | Paralysed by a floating eye for 2 turns
 77938 | Pan      | Gained mutation: Your magical capacity is very low. (-20%
                  | MP) [a neqoxec]
 77938 | Pan      | Gained mutation: Your spells are much easier to cast, but
                  | much less powerful. [mutagenic glow]
 77942 | Pan      | Lost intelligence.
 77949 | Pan      | Gained mutation: You are clumsy. (Dex -2) [a neqoxec]
 77951 | Pan      | HP: 16/323 [cacodemon (10)]
 77954 | Pan      | HP: 5/323 [Mennas/+2 trishula of holy wrath (12)]
 77954 | Pan      | HP: 1/323 [Mennas/+2 trishula of holy wrath (4)]
 77959 | Pan      | Mangled by a demonspawn corrupter
                  | ... wielding a +0 dire flail
                  | (17 damage)
 77989 | Pan      | Killed Mennas
 78467 | Pan      | Entered the realm of Gloorx Vloq.
 79022 | Pan      | Noticed Gloorx Vloq
 79050 | Pan      | HP: 14/323 [??? (6)]
 79052 | Pan      | HP: 6/323 [Gloorx Vloq] (2)]
 79052 | Pan      | HP: 2/323 [poisoned by Gloorx Vloq (dark miasma)]
 79053 | Pan      | Banished Gloorx Vloq
 79053 | Pan      | Engulfed by a cloud of foul pestilence (4 damage)
 79072 | Pan      | Reached skill level 27 in Shields
 79231 | Pan      | Got a dark rune of Zot
 79458 | Pan      | Entered the realm of Lom Lobon.
 79753 | Pan      | Found an exit through the horrors of the Abyss.
 80562 | Pan      | Noticed Lom Lobon
 80595 | Pan      | Killed Lom Lobon
 80684 | Pan      | Got a magical rune of Zot
 81287 | Pan      | Noticed Gonop the pandemonium lord
 81302 | Pan      | Killed Gonop the pandemonium lord
 81622 | Pan      | Lost mutation: Your system is resistant to poisons. (rPois)
                  | [potion of mutation]
 81622 | Pan      | Lost mutation: Armour fits poorly on your strangely shaped
                  | body. [potion of mutation]
 81622 | Pan      | Lost mutation: Potions are less effective at restoring your
                  | health. [potion of mutation]
 81623 | Pan      | Lost mutation: You are very dopey. (Int -4) [potion of
                  | mutation]
 81623 | Pan      | Lost mutation: You occasionally shout uncontrollably at
                  | your foes. [potion of mutation]
 81623 | Pan      | Gained mutation: Your system is resistant to poisons.
                  | (rPois) [potion of mutation]
 81638 | Pan      | Found an exit through the horrors of the Abyss.
 81646 | Pan      | Identified the +3 dagger "Qaemai" {freeze, rF+ Int-4 Dex+5}
 81858 | Pan      | Found an exit through the horrors of the Abyss.
 82133 | Pan      | Identified the +1 robe of Kovvidol {*Corrode Str+4}
 82287 | Pan      | Acquired 500 gold pieces
 82348 | Pan      | Noticed Jutietoy the pandemonium lord
 82374 | Pan      | Banished Jutietoy the pandemonium lord
 82387 | Pan      | Lost mutation: You are occasionally teleported next to
                  | monsters. [a cacodemon]
 82390 | Pan      | Gained mutation: You have hidden genetic defects. [a
                  | cacodemon]
 82401 | Pan      | Reached skill level 15 in Polearms
 82407 | Pan      | Gained mutation: You are very clumsy. (Dex -4) [a
                  | cacodemon]
 82416 | Pan      | Gained mutation: Your body sometimes deteriorates upon
                  | taking damage. [a neqoxec]
 83090 | Pan      | Gained mutation: Your magical capacity is extremely low.
                  | (-30% MP) [a cacodemon]
 83259 | Pan      | Noticed Lisier the pandemonium lord
 83273 | Pan      | Killed Lisier the pandemonium lord
 83526 | Pan      | Learned a level 9 spell: Chain Lightning
 83532 | Pan      | Learned a level 5 spell: Freezing Cloud
 83806 | Pan      | Reached skill level 1 in Conjurations
 83862 | Pan      | Reached skill level 1 in Spellcasting
 83862 | Pan      | Reached skill level 1 in Air Magic
 83989 | Pan      | Gained mutation: Armour fits poorly on your strangely
                  | shaped body. [hidden defects]
 84016 | Pan      | Reached skill level 1 in Ice Magic
 84184 | Depths:3 | Escaped Pandemonium
 84189 | Depths:3 | Bought a manual of Throwing for 1120 gold pieces
 84193 | Depths:3 | Bought a potion of mutation for 192 gold pieces
 84195 | Depths:3 | Lost mutation: Your spells are much easier to cast, but
                  | much less powerful. [potion of mutation]
 84195 | Depths:3 | Lost mutation: You are dopey. (Int -2) [potion of mutation]
 84195 | Depths:3 | Lost mutation: You are vulnerable to heat. (rF-) [potion of
                  | mutation]
 84195 | Depths:3 | Gained mutation: Your flesh is heat resistant. (rF+)
                  | [potion of mutation]
 84202 | Pan      | Entered Pandemonium
 84269 | Pan      | Noticed Buxkieh the pandemonium lord
 84291 | Pan      | Killed Buxkieh the pandemonium lord
 84607 | Pan      | Gained mutation: You are weak. (Str -2) [a cacodemon]
 84858 | Pan      | Gained mutation: You are dopey. (Int -2) [hidden defects]
 84858 | Pan      | Lost mutation: You have hidden genetic defects. [hidden
                  | defects expressed]
 85380 | Pan      | Reached skill level 5 in Conjurations
 85441 | Pan      | Noticed Beirch the pandemonium lord
 85451 | Pan      | Killed Beirch the pandemonium lord
 85603 | Pan      | Got a demonic rune of Zot
 85634 | Depths:3 | Escaped Pandemonium
 85895 | Crypt:1  | Entered Level 1 of the Crypt
 85921 | Crypt:1  | Reached skill level 5 in Air Magic
 86058 | Crypt:1  | Found a magical portal.
 86067 | WizLab   | Entered Borgnjor's Mausoleum
 87154 | Crypt:3  | Entered Level 3 of the Crypt
 87355 | Crypt:3  | Reached skill level 5 in Spellcasting
 87455 | Crypt:3  | Noticed an ancient lich
 87455 | Crypt:3  | Noticed a dread lich
 87455 | Crypt:3  | Noticed a dread lich
 87458 | Crypt:3  | Found the +6 Majin-Bo {spellvamp, MP+6 Int+6}
 87476 | Crypt:3  | Killed an ancient lich
 87485 | Crypt:3  | Paralysed by a dread lich for 4 turns
 87486 | Crypt:3  | HP: 14/323 [???[a dread lich] (5)]
 87487 | Crypt:3  | HP: 6/323 [shadow demon[a dread lich] (9)]
 87488 | Crypt:3  | Slain by a dread lich (7 damage)
                  | ... while paralysed by a dread lich
 87494 | Crypt:3  | Killed a dread lich
 87495 | Crypt:3  | Reached skill level 5 in Ice Magic
 87504 | Crypt:3  | Killed a dread lich
 87512 | Crypt:3  | Noticed Grunn
 87552 | Crypt:3  | Killed Grunn
 87660 | Crypt:3  | Got the Enchiridion on Maleficent Ceremonies
 88018 | Crypt:3  | Lost mutation: You sometimes lose the ability to drink
                  | potions when taking damage. [potion of mutation]
 88018 | Crypt:3  | Lost mutation: You have an uncontrollable temper. [potion
                  | of mutation]
 88018 | Crypt:3  | Lost mutation: Your flesh is heat resistant. (rF+) [potion
                  | of mutation]
 88041 | Crypt:3  | Found a staircase to the Tomb.
 88046 | Tomb:1   | Entered Level 1 of the Tomb of the Ancients
 88277 | Tomb:1   | Noticed a royal mummy
 88296 | Tomb:1   | Killed a royal mummy
 88448 | Tomb:1   | Noticed a royal mummy
 88462 | Tomb:1   | Banished a royal mummy
 88945 | Tomb:1   | Noticed a royal mummy
 88995 | Tomb:1   | Banished a royal mummy
 89129 | Tomb:2   | Noticed a royal mummy
 89129 | Tomb:2   | Noticed a royal mummy
 89130 | Tomb:2   | Noticed a royal mummy
 89133 | Tomb:2   | Noticed a royal mummy
 89153 | Tomb:2   | HP: 15/323 [flayed ghost/flay_damage[a mummy priest] (3)]
 89153 | Tomb:2   | HP: 4/323 [mummy priest/divine providence (11)]
 89154 | Tomb:2   | Engulfed by an ushabti's foul pestilence (9 damage)
 89159 | Tomb:2   | HP: 12/323 [skeletal warrior/+0 halberd (6)]
 89159 | Tomb:2   | HP: 2/323 [royal mummy/divine providence (10)]
 89160 | Tomb:2   | Succumbed to an ushabti's dark miasma
 89168 | Tomb:2   | HP: 14/323 [royal mummy/divine providence (9)]
 89169 | Tomb:2   | HP: 2/323 [ushabti] (12)]
 89169 | Tomb:2   | Succumbed to an ushabti's dark miasma
 89180 | Tomb:2   | HP: 16/323 [poisoned by an ushabti (dark miasma)]
 89181 | Tomb:2   | HP: 6/323 [guardian mummy (10)]
 89183 | Tomb:2   | Killed by divine providence
                  | ... invoked by a royal mummy
                  | (13 damage)
 89189 | Tomb:2   | Killed a royal mummy
 89190 | Tomb:2   | Killed a royal mummy
 89191 | Tomb:2   | Reached skill level 10 in Conjurations
 89193 | Tomb:2   | HP: 12/323 [something (6)]
 89194 | Tomb:2   | Killed by divine providence
                  | ... invoked by a royal mummy
                  | (13 damage)
 89202 | Tomb:2   | Killed a royal mummy
 89205 | Tomb:2   | Killed a royal mummy
 89205 | Tomb:2   | HP: 16/323 [poisoned by an ushabti (dark miasma)]
 89206 | Tomb:2   | HP: 2/323 [poisoned by an ushabti (dark miasma)]
 89207 | Tomb:2   | Succumbed to an ushabti's dark miasma
 89526 | Tomb:2   | Identified the +8 hand axe "Fucruewk" {venom, rPois rC+
                  | Int+3}
 89570 | Tomb:2   | Lost mutation: Your flesh is cold resistant. (rC+) [potion
                  | of mutation]
 89570 | Tomb:2   | Lost mutation: You have supernaturally acute eyesight.
                  | (SInv) [potion of mutation]
 89570 | Tomb:2   | Gained mutation: You have sharp toenails. [potion of
                  | mutation]
 89755 | Tomb:1   | Noticed a royal mummy
 89756 | Tomb:1   | Noticed a royal mummy
 89757 | Tomb:1   | Noticed a royal mummy
 89757 | Tomb:1   | Noticed a royal mummy
 89760 | Tomb:1   | Noticed a royal mummy
 89765 | Tomb:1   | Noticed a royal mummy
 89767 | Tomb:1   | Noticed a royal mummy
 89769 | Tomb:1   | Killed a royal mummy
 89774 | Tomb:1   | HP: 23/484 [poisoned by an emperor scorpion]
 89777 | Tomb:1   | HP: 11/484 [??? (4)]
 89777 | Tomb:1   | Slain by a royal mummy (13 damage)
 89781 | Tomb:1   | Killed a royal mummy
 89787 | Tomb:1   | Noticed a royal mummy
 89794 | Tomb:1   | HP: 7/323 [death scarab[a royal mummy] (18)]
 89795 | Tomb:1   | Killed by divine providence
                  | ... invoked by a royal mummy
                  | (16 damage)
 89800 | Tomb:1   | Killed a royal mummy
 89802 | Tomb:1   | HP: 9/323 [poisoned by an ushabti (dark miasma)]
 89803 | Tomb:1   | Succumbed to an ushabti's dark miasma
 89808 | Tomb:1   | Noticed a royal mummy
 89812 | Tomb:1   | HP: 16/323 [??? (7)]
 89814 | Tomb:1   | HP: 5/323 [ushabti] (12)]
 89814 | Tomb:1   | HP: 2/323 [poisoned by an ushabti (dark miasma)]
 89814 | Tomb:1   | Mangled by a royal mummy (11 damage)
 89818 | Tomb:1   | Killed a royal mummy
 89820 | Tomb:1   | HP: 8/323 [royal mummy/divine providence (15)]
 89822 | Tomb:1   | Killed by divine providence
                  | ... invoked by a royal mummy
                  | (14 damage)
 89824 | Tomb:1   | Killed a royal mummy
 89833 | Tomb:1   | HP: 14/323 [??? (6)]
 89838 | Tomb:1   | HP: 2/323 [ushabti] (7)]
 89838 | Tomb:1   | Succumbed to an ushabti's dark miasma
 89840 | Tomb:1   | Killed a royal mummy
 89847 | Tomb:1   | Reached skill level 10 in Air Magic
 89849 | Tomb:1   | Killed a royal mummy
 89850 | Tomb:1   | Killed a royal mummy
 89855 | Tomb:1   | HP: 13/323 [emperor scorpion[a royal mummy] (7)]
 89856 | Tomb:1   | HP: 1/323 [ushabti] (12)]
 89858 | Tomb:1   | Engulfed by an ushabti's foul pestilence (11 damage)
 89858 | Tomb:1   | Noticed a royal mummy
 89863 | Tomb:1   | Killed a royal mummy
 89866 | Tomb:1   | Noticed a royal mummy
 89875 | Tomb:1   | Killed a royal mummy
 89881 | Tomb:1   | Killed a royal mummy
 91188 | Tomb:3   | Entered Level 3 of the Tomb of the Ancients
 91226 | Tomb:3   | HP: 10/323 [something (13)]
 91228 | Tomb:3   | HP: 2/323 [revenant] (7)]
 91230 | Tomb:3   | Engulfed by a cloud of spectral mist (8 damage)
 91244 | Tomb:3   | Noticed a royal mummy
 91251 | Tomb:3   | Noticed Khufu
 91253 | Tomb:3   | HP: 16/323 [poisoned by an ushabti (dark miasma)]
 91253 | Tomb:3   | Noticed a royal mummy
 91255 | Tomb:3   | Noticed a royal mummy
 91255 | Tomb:3   | HP: 7/323 [??? (2)]
 91259 | Tomb:3   | HP: 3/323 [ushabti] (4)]
 91259 | Tomb:3   | Noticed a royal mummy
 91259 | Tomb:3   | Killed by divine providence
                  | ... invoked by Khufu
                  | (13 damage)
 91260 | Tomb:3   | Killed a royal mummy
 91266 | Tomb:3   | Noticed a royal mummy
 91267 | Tomb:3   | Noticed a royal mummy
 91272 | Tomb:3   | Killed Khufu
 91274 | Tomb:3   | Noticed a royal mummy
 91282 | Tomb:3   | HP: 24/484 [poisoned by an ushabti (dark miasma)]
 91283 | Tomb:3   | HP: 8/323 [poisoned by an ushabti (dark miasma)]
 91283 | Tomb:3   | Killed by divine providence
                  | ... invoked by a royal mummy
                  | (10 damage)
 91286 | Tomb:3   | Noticed a royal mummy
 91289 | Tomb:3   | Killed a royal mummy
 91291 | Tomb:3   | HP: 14/323 [??? (5)]
 91292 | Tomb:3   | HP: 6/323 [royal mummy/divine providence (9)]
 91295 | Tomb:3   | Engulfed by an ushabti's foul pestilence (8 damage)
 91298 | Tomb:3   | Killed a royal mummy
 91302 | Tomb:3   | Killed a royal mummy
 91303 | Tomb:3   | HP: 3/323 [royal mummy/divine providence (17)]
 91304 | Tomb:3   | Engulfed by an ushabti's foul pestilence (6 damage)
 91308 | Tomb:3   | Killed a royal mummy
 91319 | Tomb:3   | HP: 16/323 [??? (6)]
 91324 | Tomb:3   | HP: 13/323 [poisoned by an ushabti (dark miasma)]
 91325 | Tomb:3   | HP: 6/323 [poisoned by an ushabti (dark miasma)]
 91325 | Tomb:3   | Mangled by a royal mummy (14 damage)
 91334 | Tomb:3   | HP: 12/323 [mummy priest/divine providence (11)]
 91334 | Tomb:3   | HP: 4/323 [royal mummy/divine providence (8)]
 91335 | Tomb:3   | Killed a royal mummy
 91335 | Tomb:3   | Killed by a guardian mummy's death curse (11 damage)
 91341 | Tomb:3   | Killed a royal mummy
 91354 | Tomb:3   | HP: 14/323 [poisoned by an ushabti (dark miasma)]
 91355 | Tomb:3   | Mangled by a death scarab (20 damage)
                  | ... summoned by a royal mummy
 91369 | Tomb:3   | Killed a royal mummy
 91369 | Tomb:3   | HP: 15/323 [torment (6)]
 91369 | Tomb:3   | HP: 6/323 [something (9)]
 91369 | Tomb:3   | Succumbed to poison (dark miasma)
 91470 | Tomb:3   | Identified the +5 short sword "Joijetz" {heavy, Int+3}
 91489 | Tomb:3   | Identified the +0 hat of Divine Compulsion {Fly}
 91595 | Tomb:3   | Identified the +2 robe "Goawui Jadakk" {Rampage Fly rCorr
                  | Slay-2}
 91680 | Tomb:3   | Identified the +2 sling of Xivoit {antimagic, Stlth+}
 91682 | Tomb:3   | Identified the ring of Eklujol {Ice Int+3 Dex+4 SInv
                  | Stlth-}
 91685 | Tomb:3   | Identified the +0 flail "Soha" {drain, Stlth+}
 91686 | Tomb:3   | Identified the +2 scale mail of Dinazac {rF+ Str+2 Dex+4}
 91689 | Tomb:3   | Identified the staff of conjuration "Jomaihuc" {Fragile
                  | Str+5 Dex+7}
 91692 | Tomb:3   | Identified the +5 chain mail of Abstinence {Drain +Inv
                  | rElec rN++}
 91719 | Tomb:3   | Identified the ring "Kiqe Jol" {rC+ MP+9 EV+5 Dex-5 Slay+3}
 91720 | Tomb:3   | Identified the +0 rapier of Tiuf {elec, Dex+8}
 91778 | Tomb:3   | Got a golden rune of Zot
 92720 | Zig:1    | Entered Level 1 of a ziggurat
 92788 | Zig:2    | Entered Level 2 of a ziggurat
 92788 | Zig:2    | Noticed a royal mummy
 92818 | Zig:2    | Killed a royal mummy
 92891 | Zig:2    | Identified the +2 scale mail of Tartarus {Will+ Dex+5
                  | Slay+2}
 92894 | Zig:3    | Entered Level 3 of a ziggurat
 92943 | Zig:3    | HP: 11/323 [salamander/+0 trident[an orange crystal statue]
                  | (14)]
 92943 | Zig:3    | Demolished by a nagaraja
                  | ... wielding a +1 spear of freezing
                  | ... summoned by an orange crystal statue
                  | (21 damage)
 92944 | Zig:3    | Lost intelligence.
 92995 | Zig:3    | Identified the staff of air "Uxuosen" {rElec rC+ rN++ Str+3
                  | Dex-2}
 92996 | Zig:3    | Identified the +7 flail of Hoog {distort, *Noise Str+3
                  | Int+4}
 92999 | Zig:4    | Entered Level 4 of a ziggurat
 93120 | Zig:5    | Entered Level 5 of a ziggurat
 93176 | Zig:6    | Entered Level 6 of a ziggurat
 93224 | Zig:6    | Identified the +5 battleaxe of the Undead {venom, Str+5}
 93239 | Zig:7    | Entered Level 7 of a ziggurat
 93244 | Zig:7    | Noticed Odac the pandemonium lord
 93245 | Zig:7    | Found the +10 morningstar "Eos" {elec, Halo rElec}
 93251 | Zig:7    | HP: 2/323 [Odac the pandemonium lord (27)]
 93255 | Zig:7    | Annihilated by Odac the pandemonium lord (74 damage)
 93258 | Zig:7    | Slain by Odac the pandemonium lord (80 damage)
 93259 | Zig:7    | Paralysed by a vampire knight for 4 turns
 93261 | Zig:7    | Demolished by Odac the pandemonium lord (55 damage)
                  | ... while paralysed by a vampire knight
 93267 | Zig:7    | Mangled by Odac the pandemonium lord (42 damage)
 93273 | Zig:7    | HP: 16/323 [demonspawn warmonger/+1 demon whip of venom
                  | (21)]
 93273 | Zig:7    | Slain by a deep elf blademaster
                  | ... wielding a +0 rapier
                  | ... summoned by a demonspawn corrupter
                  | (16 damage)
 93279 | Zig:7    | HP: 6/323 [Odac the pandemonium lord (17)]
 93284 | Zig:7    | HP: 10/323 [poisoned by a demonspawn warmonger]
 93284 | Zig:7    | Slain by Odac the pandemonium lord (14 damage)
 93291 | Zig:7    | HP: 22/484 [??? (9)]
 93291 | Zig:7    | Mangled by a demonspawn warmonger
                  | ... wielding a +1 demon whip of venom
                  | (28 damage)
 93301 | Zig:7    | Slain by Odac the pandemonium lord (41 damage)
 93313 | Zig:7    | HP: 14/323 [rakshasa (illusionary)/+0 whip (13)]
 93314 | Zig:7    | Annihilated by Odac the pandemonium lord (40 damage)
 93317 | Zig:7    | HP: 2/323 [demonspawn warmonger/+1 demon whip of venom (8)]
 93317 | Zig:7    | Killed by divine providence
                  | ... invoked by a deep elf high priest
                  | ... summoned by a demonspawn corrupter
                  | (12 damage)
 93321 | Zig:7    | Banished Odac the pandemonium lord
 93328 | Zig:7    | Slain by a deep elf blademaster
                  | ... wielding a +0 quick blade
                  | ... summoned by a demonspawn corrupter
                  | (26 damage)
 93332 | Zig:7    | Mangled by a deep elf blademaster
                  | ... wielding a +0 rapier
                  | ... summoned by a demonspawn corrupter
                  | (33 damage)
 93410 | Zig:7    | Identified the ring "Dall" {Wiz Str+2}
 93437 | Zig:8    | Entered Level 8 of a ziggurat
 93441 | Zig:8    | Noticed One Yrul the pandemonium lord
 93474 | Zig:8    | Killed One Yrul the pandemonium lord
 93542 | Zig:8    | Identified the amulet "Bujoreps" {Faith Harm rC++ Regen+
                  | Dex-4}
 93571 | Zig:9    | Entered Level 9 of a ziggurat
 93590 | Zig:9    | Paralysed by accursed screaming for 1 turns
 93595 | Zig:9    | Paralysed by accursed screaming for 2 turns
 93600 | Zig:9    | Paralysed by accursed screaming for 2 turns
 93611 | Zig:9    | Paralysed by accursed screaming for 2 turns
 93881 | Zig:9    | Identified the +1 robe of the Valley of Death {Harm rF+++
                  | Will+ Stlth-}
 93882 | Zig:9    | Identified the +6 demon blade of Dissent {vamp, Str+6
                  | Stlth-}
 93887 | Zig:9    | Identified the ring "Gahiun" {rElec Str+6 Int-4 Slay+2}
 93904 | Zig:9    | Lost mutation: Your system is resistant to poisons. (rPois)
                  | [potion of mutation]
 93904 | Zig:9    | Lost mutation: You are very clumsy. (Dex -4) [potion of
                  | mutation]
 93904 | Zig:9    | Lost mutation: Your magical capacity is extremely low.
                  | (-30% MP) [potion of mutation]
 93920 | Zig:10   | Entered Level 10 of a ziggurat
 94130 | Zig:10   | Identified the staff of earth "Pum Zoij" {Fly SInv}
 94132 | Zig:10   | Identified the +2 acid dragon scales "Sab Bata" {rCorr
                  | Int+3}
 94137 | Zig:10   | Lost mutation: Your natural rate of healing is unusually
                  | fast. [potion of mutation]
 94137 | Zig:10   | Lost mutation: You occasionally lose the ability to drink
                  | potions when taking damage. [potion of mutation]
 94137 | Zig:10   | Lost mutation: You occasionally lose the ability to read
                  | scrolls when taking damage. [potion of mutation]
 94145 | Zig:10   | Identified the +2 leather armour of Eddoula {rElec}
 94149 | Zig:10   | Identified the staff of death "Bemuwkum" {rF+ rN+}
 94155 | Zig:11   | Entered Level 11 of a ziggurat
 94253 | Zig:11   | Got Vehumet's Vademecum on Fulgurous Conjuration
 94266 | Zig:12   | Entered Level 12 of a ziggurat
 94352 | Zig:12   | Identified the +0 sling "Huwneok" {drain, rF+}
 94361 | Zig:12   | Lost mutation: You are dopey. (Int -2) [potion of mutation]
 94361 | Zig:12   | Lost mutation: Your body sometimes deteriorates upon taking
                  | damage. [potion of mutation]
 94361 | Zig:12   | Lost mutation: You have sharp toenails. [potion of
                  | mutation]
 94361 | Zig:12   | Lost mutation: You are clumsy. (Dex -2) [potion of
                  | mutation]
 94401 | Zig:13   | Entered Level 13 of a ziggurat
 94499 | Zig:13   | Found the +7 Spriggan's Knife {stab, EV+4 Stlth+}
 94507 | Zig:13   | Identified the +8 dagger of Perfectionism {freeze, Will+
                  | rCorr Str+2}
 94509 | Zig:13   | Identified the +5 mace "Uporibak" {protect, Fragile +Blink
                  | rC+ Int+2}
 94511 | Zig:13   | Got the Volume of Sweltering Malignant Magic
 94514 | Zig:13   | Identified the ring of Equivalence {rF- rCorr AC+4 Str+2}
 94516 | Zig:13   | Identified the staff of air "Piesegh" {Fragile rElec rN+
                  | rCorr Str+3 Dex+3}
 94811 | Zot:5    | Got the Orb of Zot
 94911 | Zot:5    | Reached skill level 15 in Conjurations
 94994 | Zot:3    | Noticed an orb of fire
 94994 | Zot:3    | Gained mutation: You occasionally lose the ability to drink
                  | potions when taking damage. [a cacodemon]
 95004 | Zot:3    | Gained mutation: Your magical capacity is extremely low.
                  | (-30% MP) [an orb of fire]
 95011 | Zot:3    | Gained mutation: Your spells are much easier to cast, but
                  | much less powerful. [an orb of fire]
 95013 | Zot:3    | Gained mutation: Potions are less effective at restoring
                  | your health. [an orb of fire]
 95013 | Zot:3    | Gained mutation: You sometimes lose the ability to drink
                  | potions when taking damage. [an orb of fire]
 95016 | Zot:3    | Killed an orb of fire
 95035 | Zot:3    | Reached skill level 10 in Ice Magic
 95124 | Zot:3    | Reached skill level 10 in Spellcasting
 95133 | Zot:3    | Noticed Lohiater the pandemonium lord
 95133 | Zot:3    | Banished Lohiater the pandemonium lord
 95141 | Zot:3    | Noticed an ancient lich
 95144 | Zot:3    | Banished an ancient lich
 95225 | Zot:2    | Noticed an ancient lich
 95226 | Zot:2    | Noticed Witagucw the pandemonium lord
 95261 | Zot:2    | Killed an ancient lich
 95262 | Zot:2    | Noticed Raecong the pandemonium lord
 95462 | Depths:1 | Lost intelligence.
 95507 | D:15     | Gained mutation: Your body sometimes deteriorates upon
                  | taking damage. [a cacodemon]
 95834 | D:3      | Noticed Leimun the pandemonium lord
 95862 | D:3      | Killed Leimun the pandemonium lord
 95948 | D:$      | Escaped with the Orb!

Illustrated notes

Levels and vault maps discovered:
D:1:      psy_arrival_whirlpool, layout_basic
D:2:      layout_basic, minmay_rat_gold_closets
D:3:      layout_basic, pdpol_wu_jian_five_deadly_venoms,
          mainiacjoe_overflow_concentric_impassable, general_overflow_altar,
          portal_sewer_entry_f, minmay_misc_feat_cross, grunt_ministairs_2
D:4:      layout_rooms, minmay_temple_entry_tees, uniq_robin
D:5:      layout_cave_pools, gammafunk_ghost_abyssal_escape, corner_web_ring,
          uniq_pikel, uniq_duvessa
D:6:      layout_basic, mainiacjoe_overflow_alcove_4, slow_altar_1,
          nicolae_tso_swordbearing_angel, uniq_grinder, uniq_menkaure,
          uniq_crazy_yiuf_cottage
D:7:      layout_gridville, enter_ossuary_4, uniq_prince_ribbit1
D:8:      layout_basic
D:9:      lemuel_slime, layout_loops_ring, minmay_stone_trees_medium,
          corexii_corridor_pit
D:10:     layout_basic, elyvilon_altar_3, david_orc_2, gammafunk_ghost_arena,
          minivault_25, reono_crystal_passage, kennysheep_generic_room_11
D:11:     layout_gridville, erik_lair_island, serial_shops,
          nicolae_shop_advertising_works [nicolae_subvault_shop_adworks],
          chequers_serial_rivers_micro_e, hex_medium, roderic_roman_lattice,
          minivault_16, lemuel_nasty_fountain
D:12:     layout_loops_cross
D:13:     layout_roguey, gauntlet_entry_generic, nrook_guardian_serpent_ordinary
D:14:     layout_loops_corners, david_vaults_4, fedhas_altar_3,
          portal_ice_cave_entry_ugly_swarm
D:15:     gammafunk_depths_entry_grave, layout_rooms,
          ashenzari_conservatory_becter, serial_shops, shop,
          serial_corexii_hall, corexii_hall_statues_x, corexii_hall_statues_s
Temple:   nicolae_temple_superstar
Lair:1:   layout_regular_city, nicolae_quartered_pool_super,
          infiniplex_staircase_pool_2, grunt_megastairs_2
Lair:2:   layout_regular_city, palyth_hydra_swamp_entry,
          nicolae_snake_entry_warm_welcome, uniq_urug
Lair:3:   layout_gridlike, ebering_ghost_xom, guppyfry_lair_drakes, uniq_nessos,
          uniq_snorg, uniq_fannar
Lair:4:   layout_regular_city, slime_entry_2, chequers_serial_rivers_micro_b
Lair:5:   due_jungle_book, layout_loops_ring, grunt_megastairs_4, uniq_rupert
Swamp:1:  layout_falls_marsh, evilmike_swamp_ruin_house_3,
          nicolae_swamp_triple_paths, nicolae_swamp_catching_bugs
Swamp:2:  gammafunk_sealed_arena, layout_basic_swamp,
          evilmike_swamp_ruin_rubble_1
Swamp:3:  layout_basic_swamp, evilmike_swamp_ruin_rubble_2, swamp_pool5,
          st_swamp_mini
Swamp:4:  swamp_alternative, layout_basic_swamp, hellmonk_ghost_happy_afterlife
Snake:1:  layout_onion, gammafunk_ghost_grave, basic_altar, uniq_mlioglotl,
          uniq_jorgrun, uniq_roxanne, uniq_azrael
Snake:2:  layout_concentric_octagons, gammafunk_ghost_berserking_beasts,
          minmay_shop_grove, grunt_megastairs_5
Snake:3:  layout_chambers, serial_bayou_pond_d, nicolae_triple_integral
Snake:4:  minmay_snake_end_coiled, layout_chambers, lemuel_altar_in_water2
Slime:1:  layout_caves
Slime:2:  layout_caves
Slime:3:  layout_caves, nicolae_slime_phagocytosis
Slime:4:  layout_caves
Slime:5
Orc:1:    layout_caves, uniq_erica, uniq_maurice
Orc:2:    st_orc_mages, layout_diamond_mine, gammafunk_ghost_smash,
          guppyfry_orc_lava_fort
Elf:1:    minmay_elf_arrival_circle, layout_geoelf_diagonals,
          hangedman_elf_represent
Elf:2:    nicolae_elf_blades_crystal_corner, layout_geoelf_octagon,
          portal_desolation_entry_twin_temple, dreamdust_princess_bridge
Elf:3:    minmay_elf_hall_furrowed, layout_geoelf_octagon, serial_shops, shop
Vaults:1: nicolae_vaults_heart-shaped_vault, vaults_room_fancy_cross,
          hangedman_vaults_slice, ontoclasm_vaults_spin,
          nicolae_vaults_six-pack, nicolae_vaults_taking_the_gang_shopping,
          hangedman_vaults_slice, nicolae_vaults_trapezoid_lopsided_3,
          layout_vaults_big_room, uniq_donald
Vaults:2: st_star, nicolae_vaults_diamond_1, v_misc_33,
          nicolae_vaults_sightless_eye, v_misc_11, v_alt_pattern_3, v_misc_17,
          vaults_room_corners, hangedman_vaults_snaps, v_misc_12,
          grunt_vaults_hallway_short, layout_vaults_omnicross
Vaults:3: hangedman_vaults_impose, v_misc_10, v_misc_19,
          minmay_crypt_entry_skeletal_spiral, hangedman_vaults_impose,
          v_alt_pattern_5, layout_vaults_quadrants
Vaults:4: nicolae_vaults_house_2, v_misc_18, nicolae_vaults_off_center_swirl,
          nicolae_vaults_shelves_hall, nicolae_vaults_three_branches, v_misc_13,
          nicolae_vaults_closet_pinwheel_5, dpeg_vaults_monster_box,
          layout_vaults_ring
Vaults:5: uniq_mara, uniq_jory
Crypt:1:  layout_regular_city, mu_enter_wizlab_5, st_stairs_14
Crypt:2:  layout_regular_city, lemuel_upstairs_altar
Crypt:3:  david_glass_crypt, layout_misc_corridors,
          nicolae_tomb_entry_rubble_hallway, uniq_grunn
Tomb:1
Tomb:2
Tomb:3
Depths:1: layout_cave_shapes, ebering_ghost_rock_garden, hell_entry,
          nicolae_dithmenos_the_darkroom, chequers_serial_rivers_large_b,
          lemuel_zombie_altar_kikubaaqudgha, minmay_shop_star,
          serial_bayou_shore_b, serial_bayou_shore_b, serial_bayou_shore_b,
          serial_bayou_shore_b
Depths:2: nzn_winding_woodlands_large [nzn_winding_woodlands_5x5_cross,
          nzn_winding_woodlands_5x15_sidewinder,
          nzn_winding_woodlands_hourglass, nzn_winding_woodlands_center_lodge,
          nzn_winding_woodlands_15x15_thick_spiral,
          nzn_winding_woodlands_center_pierced_h,
          nzn_winding_woodlands_5x5_closed_star,
          nzn_winding_woodlands_5x15_pool,
          nzn_winding_woodlands_5x5_checkerboard], layout_cave_shapes,
          pan_entry, serial_bayou_pond_b, lightli_too_deep,
          ebering_ghost_reflecting_pool, evilmike_ambush
          [evilmike_ambush_outer_basic, evilmike_ambush_inner_pond],
          minmay_staircase_statues, uniq_aizul
Depths:3: dreamdust_tengu_aerie, layout_cave_pools, abyss_entry,
          hangedman_geh_valley, nzn_hepliaklqana_mist_gate,
          grunt_pan_entry_zigzag, library_closet, grunt_decor_mini_mirrors,
          infiniplex_staircase_zigzag_1
Depths:4: grunt_twist_and_shout, layout_gridlike, enter_ziggurat_c,
          serial_shops, shop, nicolae_shop_back_alley_shop, shop_fountains,
          nicolae_shop_behind_doors, grunt_hell_entry_dis_old,
          serial_bayou_shore_a
Hell
Dis:1:    layout_overlapping_boxes
Dis:2:    layout_jigsaw
Dis:3:    layout_overlapping_boxes
Dis:4:    layout_jigsaw
Dis:5:    layout_gridville
Dis:6:    layout_regular_city
Dis:7:    dis_grunt_layers
Geh:1:    layout_gehenna_lava_caves
Geh:2:    layout_gehenna_pools_basic, nicolae_geh_isolated_escape
Geh:3:    layout_gehenna_pools_box
Geh:4:    layout_gehenna_pools_triple
Geh:5:    nicolae_geh_erupted_tower, layout_gehenna_pools_basic
Geh:6:    layout_gehenna_lava_caves
Geh:7:    evilmike_geh
Coc:1:    layout_ice_bergs, nicolae_coc_wendigon
Coc:2:    layout_ice_bergs
Coc:3:    layout_ice_bergs, nicolae_hells_hurtin_island
Coc:4:    layout_ice_bergs
Coc:5:    layout_cocytus_delve, nicolae_coc_icebean_singular
          [nicolae_sub_coc_subbean]
Coc:6:    layout_cocytus_water_paths
Coc:7:    coc_grunt_cove [coc_grunt_cove_antaeus, coc_grunt_cove_fiend,
          coc_grunt_cove_fiend, coc_grunt_cove_fiend, coc_grunt_cove_fiend]
Tar:1:    layout_honeycomb
Tar:2:    layout_grid_maze, nicolae_tar_cuneiform_water,
          nicolae_tar_cuneiform_to_be, nicolae_tar_liches_on_tour
Tar:3:    layout_cathedral_of_symmetry
Tar:4:    layout_grid_maze
Tar:5:    layout_catacombs, nicolae_tar_four_comb_rooms
Tar:6:    layout_grid_maze
Tar:7:    tar_old
Zot:1:    layout_gridlike, nrook_zot_tub
Zot:2:    layout_basic
Zot:3:    dreamdust_black_sun_cult, layout_gridlike, lemuel_elevator
Zot:4:    layout_gridlike, st_stairs_5
Zot:5:    layout_misc_corridors

Skill      XL: |  1  2  3  4  5  6  7  8  9 10 11 12 13 14 15 16 17 18 19 20 21 22 23 24 25 26 27 |
---------------+----------------------------------------------------------------------------------+-----
Axes           | 2 3 6 7 9 11 12 13 15 16 18 | 18.3
Armour         | 3 4 9 13 15 18 20 21 22 24 | 24.7
Shields        | 3 4 5 7 8 9 11 12 13 27 | 27.0
Fighting       | 4 6 7 8 9 10 11 12 14 15 16 18 19 20 21 22 23 24 25 26 27 | 27.0
Polearms       | 3 7 9 11 12 15 | 15.4
Dodging        | 3 5 7 9 11 12 14 27 | 27.0
Stealth        | 5 10 14 19 20 | 20.4
Conjurations   | 15 | 15.9
Spellcasting   | 10 | 10.4
Air Magic      | 14 | 14.6
Ice Magic      | 10 | 10.4

Action                     |  1- 3 |  4- 6 |  7- 9 | 10-12 | 13-15 | 16-18 | 19-21 | 22-24 | 25-27 || total
---------------------------+-------+-------+-------+-------+-------+-------+-------+-------+-------++-------
  Melee: War axe           |   124 |    84 |   136 |       |       |       |       |       |       ||   344
         Demon trident     |       |       |    41 |   552 |   924 |  1271 |  1548 |  1512 |  6656 || 12504
         Broad axe         |       |       |       |       |       |       |       |   487 |  2923 ||  3410
         Peck              |       |       |       |       |       |       |       |       |    51 ||    51
         Eveningstar       |       |       |       |       |       |       |       |       |    14 ||    14
  Throw: Throwing net      |       |       |       |       |       |       |       |       |     1 ||     1
   Cast: Freezing Cloud    |       |       |       |       |       |       |       |       |     8 ||     8
 Invoke: Call Merchant     |       |       |       |     1 |     1 |       |     2 |     5 |     4 ||    13
         Potion Petition   |       |       |       |       |     2 |     2 |     2 |     1 |     5 ||    12
         Bribe Branch      |       |       |       |       |       |       |       |       |     1 ||     1
  Evoke: Wand              |       |       |       |       |       |       |       |     3 |     4 ||     7
    Use: Scroll            |     3 |     2 |     3 |    12 |     2 |    18 |     5 |     6 |    21 ||    72
         Potion            |     1 |     2 |     2 |     4 |     1 |       |       |     2 |    18 ||    30
   Stab: Betrayed ally     |       |     1 |       |       |       |       |       |       |       ||     1
         Distracted        |       |       |     2 |     5 |     6 |    13 |    16 |    29 |   246 ||   317
         Sleeping          |       |       |       |     1 |       |     7 |    20 |    15 |    93 ||   136
         Petrified         |       |       |       |       |       |       |       |     1 |       ||     1
         Confused          |       |       |       |       |       |       |       |       |     2 ||     2
         Invisible         |       |       |       |       |       |       |       |       |     2 ||     2
         Paralysed         |       |       |       |       |       |       |       |       |     1 ||     1
 Armour: Scale mail        |    76 |   119 |    72 |    35 |       |       |       |       |       ||   302
         Plate armour      |       |       |       |    97 |   283 |   243 |       |       |       ||   623
         Ice dragon scales |       |       |       |       |       |   139 |   259 |   796 |  2870 ||  4064
  Dodge: Dodged            |    41 |   102 |    93 |   111 |   312 |   658 |   419 |  1119 |  7805 || 10660
         Repelled          |       |       |       |       |       |       |     4 |    50 |   239 ||   293
  Block: Buckler           |    38 |    44 |    56 |     1 |       |       |       |       |       ||   139
         Tower shield      |       |       |       |   241 |   459 |   961 |  1157 |  2213 | 11473 || 16504
         Reflection        |       |       |       |       |       |    42 |   105 |    66 |   246 ||   459

Table legend: (Time is in decaauts)
 A = Elapsed time spent in this place.
 B = Non-inter-level travel time spent in this place.
 C = Inter-level travel time spent in this place.
 D = Time resting spent in this place.
 E = Time spent auto-exploring this place.
 F = Levels seen in this place.
 G = Mean time per level.
                   A        B        C        D        E       F      G
               +--------+--------+--------+--------+--------+-----+--------+
         Total |  95367 |  88119 |   7248 |   3621 |  54955 | 131 |  728.0 |
       Dungeon |  14352 |  11702 |   2650 |      2 |   9109 |  15 |  956.8 |
        Temple |    222 |    221 |      1 |      0 |    100 |   1 |  222.0 |
          Lair |   5552 |   4808 |    744 |     27 |   3833 |   5 | 1110.4 |
         Swamp |   2960 |   2799 |    161 |      0 |   2139 |   4 |  740.0 |
     Snake Pit |   4823 |   4575 |    248 |      0 |   3632 |   4 | 1205.8 |
    Slime Pits |   2413 |   2371 |     42 |    639 |    588 |   5 |  482.6 |
  Orcish Mines |   1931 |   1750 |    181 |      0 |   1111 |   2 |  965.5 |
   Elven Halls |   3375 |   3029 |    346 |      0 |   2288 |   3 | 1125.0 |
        Vaults |   7870 |   6989 |    881 |     66 |   5014 |   5 | 1574.0 |
         Crypt |   1720 |   1703 |     17 |     88 |   1048 |   3 |  573.3 |
          Tomb |   4128 |   3848 |    280 |     56 |   2086 |   3 | 1376.0 |
        Depths |   6611 |   5627 |    984 |    720 |   3120 |   4 | 1652.8 |
          Hell |   1217 |   1129 |     88 |     17 |    610 |   1 | 1217.0 |
           Dis |   2649 |   2638 |     11 |    260 |   1215 |   7 |  378.4 |
       Gehenna |   2680 |   2680 |      0 |    161 |   1223 |   7 |  382.9 |
       Cocytus |   4744 |   4710 |     34 |    262 |   2389 |   7 |  677.7 |
      Tartarus |   2814 |   2745 |     69 |    204 |   1700 |   7 |  402.0 |
           Zot |   5900 |   5397 |    503 |      0 |   3437 |   5 | 1180.0 |
         Abyss |   1581 |   1581 |      0 |      0 |    262 |   7 |  225.9 |
   Pandemonium |  11938 |  11938 |      0 |    810 |   7248 |  17 |  702.2 |
      Ziggurat |   2284 |   2284 |      0 |     69 |   1151 |  13 |  175.7 |
         Sewer |    643 |    643 |      0 |    107 |    271 |   1 |  643.0 |
       Ossuary |    414 |    414 |      0 |      0 |    260 |   1 |  414.0 |
      Ice Cave |    273 |    273 |      0 |      0 |    165 |   1 |  273.0 |
        Wizlab |    710 |    710 |      0 |    129 |    244 |   1 |  710.0 |
    Desolation |    859 |    859 |      0 |      0 |    487 |   1 |  859.0 |
      Gauntlet |    692 |    692 |      0 |      0 |    220 |   1 |  692.0 |
               +--------+--------+--------+--------+--------+-----+--------+

Top non-repeatable levels by time:
   Coc:7: 2467 daAuts
  Tomb:1: 2277 daAuts
Vaults:5: 2146 daAuts
Depths:1: 1834 daAuts
Vaults:3: 1754 daAuts
Depths:2: 1683 daAuts
Depths:4: 1610 daAuts
   Zot:2: 1584 daAuts
   Dis:7: 1530 daAuts
    D:14: 1487 daAuts
   Zot:5: 1484 daAuts
Depths:3: 1483 daAuts
 Snake:3: 1473 daAuts
 Snake:4: 1416 daAuts
Vaults:2: 1414 daAuts
